 Dungeon Crawl Stone Soup version 0.31.0-11-ge490571c62 (webtiles) character file.

Game seed: 9056311130543515984

11621538 seandewar5 the Conqueror (level 27, 273/273 HPs)
             Began as a Grey Draconian Fire Elementalist on Jan 28, 2024.
             Was the Champion of Vehumet.
             Escaped with the Orb
             ... and 15 runes on Jan 29, 2024!
             The game lasted 07:46:36 (140783 turns).

seandewar5 the Conqueror (DrFE)                   Turns: 140783, Time: 07:46:36

Health: 273/273    AC: 29    Str: 13    XL:     27
Magic:  69/69      EV: 22    Int: 43    God:    Vehumet [******]
Gold:   11120      SH: 11    Dex: 16    Spells: 15/75 levels left

rFire   + + +        a - +3 Elemental Staff {ele, rElec rF+ rC+ AC+3}
rCold   + + +        G - +3 buckler
rNeg    + + +        (body armour unavailable)
rPois   ∞            g - +2 hat {Will+}
rElec   +            o - +0 cloak of Boredom {rElec Int+6}
rCorr   +            P - +1 pair of gloves "Ugaorph" {Will+ MP+9}
SInv    +            W - +2 pair of boots {Fly}
Will    +++++        w - amulet of Jisubai {RegenMP ^Contam Int+8}
Stlth   +++          L - ring of Limitation {rElec rC+++ rCorr Int+3 Dex-2}
HPRegen 0.65/turn    D - ring "Esol" {rF+ MP+9 Dex+3 SInv}
MPRegen 0.81/turn

%: no passive effects
@: death-form, flying, studying 2 skills
A: vile attack, torment immunity, no potions, AC +18, amphibious, unfitting
armour, cold-blooded, stinger 1, talons 1, thin skeletal structure 1, fire
resistance 1
0: Orb of Zot
}: 15/15 runes: barnacled, slimy, silver, golden, iron, obsidian, icy, bone,
abyssal, demonic, glowing, magical, fiery, dark, gossamer
a: Siphon Essence, Begin Untransformation, Renounce Religion


You escaped.
You worshipped Vehumet.
Vehumet was exalted by your worship.
You were an undying horror.
You visited 17 branches of the dungeon, and saw 87 of its levels.
You visited Pandemonium 1 time, and saw 15 of its levels.
You visited the Abyss 2 times.
You visited 1 bazaar.
You visited 1 ziggurat, and saw 20 of its levels.
You also visited: Sewer and Volcano.

You collected 15837 gold pieces.
You spent 4717 gold pieces at shops.

Inventory:

Hand Weapons
 a - the +3 Elemental Staff (weapon) {ele, rElec rF+ rC+ AC+3}
   (You found it on level 20 of a ziggurat)

   AC+3:      It affects your AC (+3).
   rF+:       It protects you from fire.
   rC+:       It protects you from cold.
   rElec:     It insulates you from electricity.
 b - a +9 demon whip of freezing
Missiles
 m - 23 silver javelins
 B - 9 throwing nets {!f =f}
Armour
 g - a +2 hat of willpower (worn)
 o - the +0 cloak of Boredom (worn) {rElec Int+6}
   (You found it on level 2 of the Depths)

   Int+6:     It affects your intelligence (+6).
   rElec:     It insulates you from electricity.
 G - a +3 buckler (worn)
 P - the +1 pair of gloves "Ugaorph" (worn) {Will+ MP+9}
   (You acquired it on level 11 of the Dungeon)

   Will+:     It increases your willpower.
   MP+9:      It affects your magic capacity (+9).
 W - a +2 pair of boots of flying (worn)
Jewellery
 i - the ring of Minticy {Ice rPois rCorr Str+4 Slay+2}
   (You found it on level 3 of the Tomb of the Ancients)

   [ring of ice]

   Ice:       It enhances your ice magic.
   Str+4:     It affects your strength (+4).
   Slay+2:    It affects your accuracy & damage with ranged weapons and melee
   (+2).
   rF-:       It makes you vulnerable to fire.
   rC+:       It protects you from cold.
   rPois:     It protects you from poison rCorr: It protects you from acid and
   corrosion.
 w - the amulet of Jisubai (around neck) {RegenMP ^Contam Int+8}
   (You acquired it on level 11 of the Dungeon)

   [amulet of magic regeneration]

   RegenMP:   It increases your rate of magic regeneration.
   Int+8:     It affects your intelligence (+8).
   ^Contam:   It causes magical contamination when unequipped.
 D - the ring "Esol" (right hand) {rF+ MP+9 Dex+3 SInv}
   (You took it off a vault guard on level 5 of the Vaults)

   [ring of see invisible]

   Dex+3:     It affects your dexterity (+3).
   rF+:       It protects you from fire.
   MP+9:      It affects your magic capacity (+9).
   SInv:      It lets you see invisible.
 L - the ring of Limitation (left hand) {rElec rC+++ rCorr Int+3 Dex-2}
   (You found it on level 19 of a ziggurat)

   [ring of resist corrosion]

   Int+3:     It affects your intelligence (+3).
   Dex-2:     It affects your dexterity (-2).
   rC+++:     It renders you almost immune to cold.
   rElec:     It insulates you from electricity.
   rCorr:     It protects you from acid and corrosion.
 M - the ring "Majeja" {Fly Will+ rCorr Dex+3}
   (You acquired it on level 2 of the Realm of Zot)

   [ring of resist corrosion]

   Dex+3:     It affects your dexterity (+3).
   Will+:     It increases your willpower.
   Fly:       It grants you flight.
   rCorr:     It protects you from acid and corrosion.
 Q - the ring "Sicualos" {+Blink rC- Will+++ rCorr Dex-5}
   (You found it on level 7 of Gehenna)

   [ring of resist corrosion]

   Dex-5:     It affects your dexterity (-5).
   rC-:       It makes you vulnerable to cold.
   Will+++:   It greatly increases your willpower.
   +Blink:    It lets you blink.
   rCorr:     It protects you from acid and corrosion.
 X - a ring of the Octopus King {Wiz HP+2 AC+2 EV+2 SH+2}
   (You found it on level 7 of Gehenna)

   [ring of wizardry]

   Wiz:       It improves your spell success rate.
   AC+2:      It affects your AC (+2).
   EV+2:      It affects your evasion (+2).
   HP+2:      It affects your health (+2).
   SH+2:      It affects your SH (+2).
Talismans
 f - a talisman of death (active)
Wands
 j - a wand of charming (126)
 u - a wand of digging (52)
 x - a wand of roots (123)
 A - a wand of polymorph (20)
 N - a wand of light (100)
Scrolls
 d - 2 scrolls of revelation
 r - 29 scrolls of teleportation {!r}
 s - 3 scrolls of blinking
 t - 11 scrolls of fear
 y - 6 scrolls of torment
 E - 11 scrolls of immolation
 I - 15 scrolls of vulnerability
 J - 10 scrolls of poison {!r}
 K - 5 scrolls of silence {!r}
 R - 4 scrolls of butterflies
 Y - 15 scrolls of fog
Potions
 c - 8 potions of enlightenment
 e - 6 potions of lignification
 h - 23 potions of curing
 l - 9 potions of attraction
 n - 2 potions of brilliance
 q - 22 potions of heal wounds
 z - 7 potions of haste
 C - 20 potions of ambrosia {!q}
 H - 9 potions of might
 O - 7 potions of berserk rage {!q}
 T - 15 potions of magic
 U - 5 potions of cancellation {!q}
 V - 2 potions of resistance
 Z - 4 potions of mutation
Miscellaneous
 k - a phantom mirror
 p - a phial of floods
 v - a figurine of a ziggurat


   Skills:
 O Level 27 Fighting
 - Level 1.0(7.6) Maces & Flails
 - Level 11.9(12.0) Staves
 + Level 21.0 Throwing
 - Level 18.0 Dodging
 - Level 18.2 Stealth
 - Level 15.0 Shields
 * Level 24.7 Spellcasting
 - Level 20.0 Conjurations
 - Level 3.0 Hexes
 - Level 12.0 Summonings
 - Level 5.0 Translocations
 - Level 22.0 Fire Magic
 - Level 17.0 Air Magic
 - Level 25.0 Earth Magic
 - Level 14.0 Evocations
 - Level 23.0 Shapeshifting


You had 15 spell levels left.
You knew the following spells:

 Your Spells              Type           Power      Damage    Failure   Level
a - Plasma Beam           Fire/Air       86%        2x1d104   0%          6
b - Lehudib's Crystal Sp  Conj/Erth      76%        10d17     1%          8
c - Spellforged Servitor  Conj/Summ      56%        N/A       1%          7
d - Shatter               Erth           79%        3d57*     1%          9
e - Ignition              Fire           76%        3d20      1%          8
f - Fire Storm            Conj/Fire      75%        8d19      1%          9
m - Maxwell's Capacitive  Air            70%        ∞         1%          8
B - Blink                 Tloc           100%       N/A       1%          2
P - Passwall              Erth           100%       N/A       0%          3

Your spell library contained the following spells:

 Spells                   Type           Power      Damage    Failure   Level
 Chain Lightning          Conj/Air       72%        3d96      5%          9
 Foxfire                  Conj/Fire      100%       2x1d9     0%          1
 Kiss of Death            Conj/Necr      100%       2d13      0%          1
 Magic Dart               Conj           100%       1d8       0%          1
 Sandblast                Erth           100%       2d20      0%          1
 Shock                    Conj/Air       100%       1d9       0%          1
 Sting                    Conj/Alch      100%       1d9       0%          1
 Summon Small Mammal      Summ           100%       N/A       0%          1
 Mercury Vapours          Alch/Air       100%       N/A       0%          2
 Momentum Strike          Conj/Tloc      100%       3d10      0%          2
 Scorch                   Fire           100%       2d9       0%          2
 Searing Ray              Conj           100%       2d8       0%          2
 Call Canine Familiar     Summ           100%       N/A       0%          3
 Dazzling Flash           Conj/Hex       100%       N/A       0%          3
 Inner Flame              Hex/Fire       100%       N/A       0%          3
 Mephitic Cloud           Conj/Alch/Air  100%       N/A       0%          3
 Stone Arrow              Conj/Erth      100%       3d13      0%          3
 Swiftness                Air            100%       N/A       0%          3
 Volatile Blastmotes      Fire/Tloc      100%       2d18      0%          3
 Airstrike                Air            70%        2d(10-26) 0%          4
 Brom's Barrelling Bould  Conj/Erth      100%       2d11      0%          4
 Flame Wave               Conj/Fire      100%       2d21      0%          4
 Iskenderun's Mystic Bla  Conj/Tloc      100%       2d19      0%          4
 Summon Blazeheart Golem  Fire/Summ      100%       N/A       0%          4
 Summon Lightning Spire   Summ/Air       100%       N/A       0%          4
 Arcjolt                  Conj/Air       72%        1d82      0%          5
 Fireball                 Conj/Fire      75%        3d28      0%          5
 Iskenderun's Battlesphe  Conj           100%       2d15      0%          5
 Lee's Rapid Deconstruct  Erth           79%        3d35*     0%          5
 Bombard                  Conj/Erth      76%        9d12      0%          6
 Starburst                Conj/Fire      75%        6d19      0%          6
 Apportation              Tloc           100%       N/A       1%          1
 Necrotise                Necr           100%       1d9       1%          1
 Cigotuvi's Dreadful Rot  Necr/Alch/Air  100%       N/A       1%          2
 Ensorcelled Hibernation  Hex/Ice        100%       N/A       1%          2
 Lesser Beckoning         Tloc           100%       N/A       1%          2
 Confusing Touch          Hex            68%        N/A       1%          3
 Frozen Ramparts          Ice            100%       1d16      1%          3
 Fugue of the Fallen      Necr           52%        N/A       1%          3
 Gell's Gravitas          Tloc           77%        N/A       1%          3
 Ozocubu's Armour         Ice            68%        N/A       1%          3
 Sigil of Binding         Hex            68%        N/A       1%          3
 Teleport Other           Tloc           77%        N/A       1%          3
 Tukima's Dance           Hex            68%        N/A       1%          3
 Cause Fear               Hex            34%        N/A       1%          4
 Dimensional Bullseye     Hex/Tloc       36%        N/A       1%          4
 Fulminant Prism          Conj/Alch      47%        3d21      1%          4
 Ignite Poison            Fire/Alch      100%       N/A       1%          4
 Leda's Liquefaction      Alch/Erth      63%        N/A       1%          4
 Manifold Assault         Tloc           77%        N/A       1%          4
 Martyr's Knell           Necr/Summ      81%        N/A       1%          4
 Olgreb's Toxic Radiance  Alch           52%        N/A       1%          4
 Sticky Flame             Fire/Alch      100%       2d15      1%          4
 Vhi's Electric Charge    Tloc/Air       100%       N/A       1%          4
 Borgnjor's Vile Clutch   Necr/Erth      63%        N/A       1%          5
 Freezing Cloud           Conj/Ice/Air   75%        6-21      1%          5
 Irradiate                Conj/Alch      47%        3d27      1%          5
 Silence                  Hex/Air        59%        N/A       1%          5
 Summon Mana Viper        Hex/Summ       87%        N/A       1%          5
 Conjure Ball Lightning   Conj/Air       72%        3x3d27    1%          6
 Summon Cactus Giant      Summ           51%        N/A       1%          6
 Orb of Destruction       Conj           61%        9d15      1%          7
 Animate Dead             Necr           52%        N/A       3%          4
 Dispel Undead            Necr           52%        3d19      3%          4
 Dispersal                Tloc           38%        N/A       7%          6
 Alistair's Intoxication  Alch           34%        N/A       10%         5
 Eringya's Noxious Bog    Alch           26%        4d6       16%         6
 Haunt                    Necr/Summ      40%        N/A       26%         7
 Death Channel            Necr           26%        N/A       50%         6
 Ozocubu's Refrigeration  Ice            34%        4d15      58%         7
 Disjunction              Tloc           38%        N/A       97%         8
 Discord                  Hex            34%        N/A       100%        8
 Infestation              Necr           26%        N/A       100%        8
 Animate Armour           Summ/Erth      Unusable   N/A       N/A         4

Dungeon Overview and Level Annotations

Branches:
Dungeon (15/15)            Temple (0/1) D:5            Lair (5/5) D:8
 Shoals (4/4) Lair:3       Spider (4/4) Lair:2        Slime (5/5) Lair:5
    Orc (2/2) D:12            Elf (3/3) Orc:2        Vaults (5/5) D:13
  Crypt (3/3) Vaults:3       Tomb (3/3) Crypt:3      Depths (4/4) D:15
   Hell (visited)             Dis (7/7) Hell            Geh (7/7) Hell
    Coc (7/7) Hell            Tar (7/7) Hell            Zot (5/5) Depths:4
  Sewer (visited)         Volcano (visited)

Altars:
Ashenzari
Fedhas
Gozag
Kikubaaqudgha
Okawaru
Ru
Uskayaw
Vehumet
Wu Jian
Yredelemnul
Zin
Jiyva

Shops:
Orc:2 *[(=   Elf:1 ?   Elf:3 :   Shoals:1 :[[   Vaults:2 ?   Vaults:3 (
Vaults:4 (   Depths:1 [   Depths:3 *(

Portals:
Hell: Depths:1 Depths:2 Depths:3 Depths:4
Abyss: Vaults:2 Depths:1 Depths:3
Pandemonium: Depths:2 Depths:3 Depths:4

Annotations:
Spider:1 2 transporters, exclusion: orange crystal statue
Elf:2 3 runed translucent doors
Vaults:2 2 transporters
Zot:2 4 transporters, Icycared's ghost, master GrFi


Innate Abilities, Weirdness & Mutations

You are an undying horror.
Your melee and unarmed attacks drain, slow and weaken victims.
You are immune to unholy pain and torment.
You cannot drink.
You are immune to poison.
Your dull iron-grey scales are very hard. (AC +18)
You are amphibious.
You cannot fit into any form of body armour.
You are cold-blooded and may be slowed by cold attacks.
Your tail ends in a venomous barb.
You have sharp toenails.
You have a somewhat thin skeletal structure. (Dex +2, Stealth+)
Your flesh is heat resistant. (rF+)


Message History

Magic restored.
Things that are here:
a +0 short sword; 3 stones
There is a stone staircase leading up here.
You fly upwards.
There is a stone staircase leading down here.
HP restored.
A rakshasa comes into view. It is wielding a +0 whip.
There is an escape hatch in the ceiling here.
A mysterious force pulls you upwards. The hatch slams shut behind you.
A shadow demon comes into view.
Casting: Lehudib's Crystal Spear (mildly dangerous; 1% risk of failure)
Confirm with . or Enter, or press ? or * to list all spells.
Aiming: Lehudib's Crystal Spear (mildly dangerous; 1% risk of failure)
Press: ? - help, Shift-Dir - straight line, f - shadow demon
Aim: a shadow demon (82% to hit)
You feel a surge of power!
The crystal spear hits the shadow demon!!!
You kill the shadow demon!
Vehumet accepts your kill.
You feel your power returning.
Magic restored.
There is a stone staircase leading up here.
You fly upwards.
There is a stone staircase leading down here.
An Orb Guardian comes into view.
Casting: Lehudib's Crystal Spear (mildly dangerous; 1% risk of failure)
Confirm with . or Enter, or press ? or * to list all spells.
Aiming: Lehudib's Crystal Spear (mildly dangerous; 1% risk of failure)
Press: ? - help, Shift-Dir - straight line, f - Orb Guardian
Aim: an Orb Guardian (80% to hit)
You feel a surge of power!
The crystal spear hits the Orb Guardian!!!!
You kill the Orb Guardian!
Vehumet accepts your kill.
You feel your power returning.
There is a large open door here.
There is a staircase leading out of the dungeon here.
Enter note: 15 runes!
You have escaped!

........########''##########.####
....###.## ###§§..≈≈### #........
.........###≈≈§≈§.§≈≈§###.##.###.
......#####≈≈≈#§§.≈#≈§§##.##.# #.
......# ##≈≈≈≈§..§§§§§##.##.# #.
>.....# #≈≈§≈≈§..§≈≈§≈≈#....###.
......####≈≈≈§≈#..#≈≈≈§§#.#####..
........##§§#§§#..#≈≈#≈≈#........
........##§≈≈≈§#z>#§≈≈≈≈#.#####..
........##§§≈§§####≈≈§≈≈#....##..
........##≈≈≈§ §≈≈≈####.##..
.....^..###≈≈ ≈§##..#.####
........# #..#.# ....##### #..#.#
....# #..#.# ##### ######..#.#
#......##.#


There were no monsters in sight!

Vanquished Creatures
  Cerebov (Pan)
  Antaeus (Coc:7)
  Asmodeus (Geh:7)
  Ereshkigal (Tar:7)
  the Royal Jelly (Slime:5)
  Mnoleg (Pan)
  the Serpent of Hell (Dis:7)
  Gloorx Vloq (Pan)
  Ignacio (Pan)
  3 pandemonium lords (Pan)
  Lom Lobon (Pan)
  3 dread liches
  10 ancient liches
  Mennas (Pan)
  10 orbs of fire
  Dispater (Dis:7)
  A juggernaut (shapeshifter) (Zot:3)
  41 royal mummies
  Josephina (Zot:2)
  3 juggernauts (Dis:7)
  20 shard shrikes
  12 Killer Klowns
  19 caustic shrikes
  Margery (Depths:4)
  2 curse toes
  Geryon (Hell)
  Nikola (Shoals:1)
  18 bone dragons
  10 profane servitors
  11 Tzitzimimeh
  8 golden dragons
  17 hellephants
  24 doom hounds
  10 iron giants
  2 electric golems (Zot:4)
  17 Brimstone Fiends
  19 Ice Fiends
  Rupert (D:13)
  17 tentacled monstrosities
  Mlioglotl (Shoals:2)
  Jorgrun (D:13)
  A titan (shapeshifter) (Zot:3)
  18 Hell Sentinels
  23 Orb Guardians
  6 liches
  A shard shrike skeleton (Crypt:3)
  15 tainted leviathans
  4 deep elf master archers (Elf:3)
  A deep elf blademaster (Elf:3)
  24 Executioners
  5 quicksilver dragons
  27 ancient champions
  21 titans
  28 searing wretches
  3 death cobs
  8 sphinxes
  An iron dragon (shapeshifter) (Zot:3)
  33 acid blobs
  Gastronok (Lair:2)
  A thorn hunter (Abyss:3)
  The ghost of Meoqees the Peltast, an adept MiFi of Okawaru (Shoals:3)
  Agnes (D:14)
  Kirke (Elf:1)
  10 storm dragons
  5 tentacled starspawn
  14 azure jellies
  12 shadow dragons
  6 draconian monks
  10 tengu reavers
  Ilsuiw (Shoals:2)
  5 revenants
  7 protean progenitors
  2 nagarajas (Zig:9)
  Roxanne (D:15)
  15 rockslimes
  An acid blob (shapeshifter) (Zot:3)
  11 deep elf sorcerers
  7 frost giants
  3 demonspawn warmongers (Pan)
  10 draconian knights
  6 quicksilver elementals
  9 narguns
  17 fire giants
  9 draconian shifters
  35 balrugs
  4 emperor scorpions
  13 draconian scorchers
  2 spectral caustic shrikes
  7 ghost moths
  2 deep elf elementalists
  21 vault wardens
  The ghost of sanka the Metamorph, a journeyman TrMo of the Shining One (Depths:1)
  5 draconian annihilators
  8 shard shrike simulacra
  3 orc warlords
  8 draconian stormcallers
  15 reapers
  2 caustic shrike zombies (Hell)
  An angel (Depths:4)
  24 cacodemons
  18 quicksilver oozes
  12 ghouls
  A spriggan defender (Depths:2)
  6 curse skulls
  3 broodmothers
  17 ironbound preservers
  5 demonspawn corrupters (Pan)
  7 vampire knights
  7 caustic shrike skeletons
  13 stone giants
  4 ironbound thunderhulks
  6 demonspawn blood saints (Pan)
  16 very ugly things
  3 juggernaut skeletons (Pan)
  19 formless jellyfish
  An ophan (Zig:13)
  8 deep elf annihilators
  9 black draconians
  11 putrid mouths
  4 deep elf demonologists (Elf:3)
  10 green draconians
  10 bennus
  2 demonspawn black suns (Pan)
  2 lorocyprocas
  5 deep elf death magi
  27 elemental wellsprings
  23 war gargoyles
  8 purple draconians
  5 spark wasps
  26 wendigos
  18 yellow draconians
  10 white draconians
  15 iron golems
  8 red draconians
  5 dire elephants
  A quicksilver dragon zombie (Crypt:2)
  15 ettins
  7 blizzard demons
  16 eidola
  13 green deaths
  10 merfolk javelineers
  4 fire dragons
  8 merfolk impalers
  7 deep elf high priests
  A spectral golden dragon (Tar:4)
  3 shambling mangroves
  6 entropy weavers
  8 jiangshi
  26 mummy priests
  2 spectral spriggans
  15 yaktaur captains
  7 salamander tyrants
  7 rakshasas
  The ghost of HilariousDeathArtist the Fighter, a journeyman VSBe of Trog (D:13)
  13 great orbs of eyes
  9 ice dragons
  31 vault guards
  5 catoblepae
  11 centaur warriors
  4 peacekeepers
  4 ironbound frosthearts
  4 ogre magi
  3 spriggan skeletons
  6 hydras
  7 juggernaut simulacra
  5 spriggan air magi
  13 caustic shrike simulacra
  13 merfolk aquamancers
  10 jorogumos
  10 stokers
  22 two-headed ogres
  3 death knights
  A fenstrider witch skeleton (Crypt:3)
  4 deep troll earth magi
  5 satyrs
  6 deep troll shamans
  4 tengu warriors
  10 death yaks
  8 demonic crawlers
  3 radroaches
  31 death scarabs
  A spectral dire elephant (Tar:1)
  A spectral stone giant (Tar:1)
  4 boulder beetles
  3 spriggan berserkers
  A two-headed ogre (shapeshifter) (Vaults:4)
  An azure jelly zombie (Crypt:1)
  A sphinx skeleton (Zig:11)
  31 hell hogs
  9 vampire magi
  15 dancing weapons
  A storm dragon zombie (Hell)
  Sonja (Lair:1)
  2 naga sharpshooters (Zig:9)
  Urug (D:13)
  A bennu skeleton (Crypt:1)
  6 hellephant skeletons (Pan)
  2 spectral emperor scorpions (Pan)
  6 deep elf knights
  17 soul eaters
  3 thrashing horrors
  3 crystal echidnas (Dis:7)
  2 shock serpents (Zig:9)
  2 fire crabs (Zig:20)
  4 wretched stars
  20 sixfirhies (Pan)
  24 hell knights
  A salamander mystic (Geh:2)
  A spectral bunyip (Tar:2)
  Amaemon (Lair:1)
  46 sun demons
  2 golden dragon zombies (Hell)
  4 titan skeletons (Crypt:3)
  8 iron trolls
  28 shadow wraiths
  Lodul (D:13)
  5 flayed ghosts
  2 goliath frogs (Pan)
  30 skeletal warriors
  3 skysharks
  2 pharaoh ants
  An iron giant skeleton (Crypt:3)
  9 arcanists
  67 deep trolls
  2 sun moths (Pan)
  2 anaconda zombies
  5 orb spiders
  A spark wasp zombie (Zig:7)
  4 bog bodies
  10 sea snakes
  16 shadow demons
  A spectral iron dragon (Tar:1)
  4 steelbarb worms
  19 ironbound convokers
  8 quicksilver dragon simulacra
  11 glowing orange brains
  A sun moth (shapeshifter) (Vaults:5)
  5 deep elf archers
  A bunyip skeleton (Crypt:1)
  11 phantasmal warriors
  Pikel (D:5)
  17 harpies
  8 orc knights
  9 spriggan simulacra
  A swamp dragon (Zig:3)
  A shadow dragon skeleton (Hell)
  An eye of devastation (shapeshifter) (Depths:2)
  13 deep elf pyromancers
  An anaconda skeleton (Crypt:3)
  6 necromancers
  A wolf spider zombie (Crypt:3)
  11 deep elf zephyrmancers
  12 starcursed masses
  3 stone giant zombies (Hell)
  21 wolf spiders
  A cyclops (shapeshifter) (Zig:12)
  33 ugly things
  12 oklob plants (Zig:20)
  A tengu skeleton (Zig:7)
  A frost giant zombie (Hell)
  Maurice (D:10)
  24 moths of wrath
  5 fire giant zombies (Hell)
  16 manticores
  An orc sorcerer (Orc:2)
  17 shining eyes
  17 fauns
  7 cyclopes
  2 spectral centaurs
  21 large abominations
  2 will-o-the-wisps (Zig:20)
  2 meliai (Spider:4)
  2 salamanders
  A kobold blastminer (Orc:2)
  5 worldbinders (Abyss:3)
  9 black mambas
  9 water nymphs
  3 naga magi (Zig:9)
  The ghost of Suckerboh the Covert, a novice KoBr of Dithmenos (D:5)
  12 merfolk sirens
  10 cane toads
  6 eyes of devastation
  7 torpor snails
  A shock serpent zombie (Crypt:2)
  Joseph (D:7)
  3 guardian serpents
  2 rust devils
  23 vault sentinels
  7 elephants
  44 smoke demons
  25 orange demons
  2 ice statues (Hell)
  3 naga skeletons
  31 hellions
  A torpor snail (shapeshifter) (Vaults:4)
  2 yellow draconian zombies
  8 titan simulacra
  An elephant slug zombie (Crypt:1)
  9 komodo dragons
  A grey draconian zombie (Crypt:2)
  An unseen horror zombie (Crypt:3)
  An alligator snapping turtle skeleton (Crypt:3)
  2 rime drakes
  A bunyip simulacrum (Coc:1)
  2 dire elephant skeletons
  A minotaur zombie (Crypt:2)
  Psyche (D:9)
  A sea snake zombie (Hell)
  A sea snake skeleton (Hell)
  4 ice devils
  A tengu conjurer (Depths:2)
  11 efreet
  8 freezing wraiths
  33 yaktaurs
  A spectral glowing shapeshifter (Zig:14)
  37 guardian mummies
  2 golden dragon simulacra
  3 iron giant simulacra
  24 tormentors
  9 anaconda simulacra
  5 ancient zymes (Zig:13)
  A komodo dragon (shapeshifter) (Abyss:3)
  2 red devils
  2 silent spectres
  2 polar bears
  A merfolk (shapeshifter) (Vaults:5)
  A queen bee (D:10)
  14 hornets
  21 wind drakes
  13 hellwings
  4 raiju
  Prince Ribbit (D:7)
  7 harpy skeletons
  36 merfolk
  A guardian serpent zombie (Crypt:2)
  4 hydra zombies
  12 trolls
  An alligator simulacrum (Coc:1)
  An ettin zombie (Hell)
  2 hydra skeletons
  18 tarantellas
  3 shadow dragon simulacra
  3 spriggan zombies
  A meliai zombie (Crypt:3)
  9 glass eyes
  10 snapping turtles
  18 blink frogs
  2 iron dragon simulacra
  13 dream sheep
  A snapping turtle (shapeshifter) (Vaults:2)
  18 jumping spiders
  113 slime creatures
  An air elemental (Elf:3)
  2 centaur simulacra (Coc:1)
  A shadow (D:8)
  8 wraiths
  24 culicivoras
  7 naga simulacra
  7 nameless horrors
  17 ynoxinuls
  3 spriggans
  23 water elementals
  14 dire elephant simulacra
  15 golden eyes
  A vampire (D:11)
  4 wyverns
  3 steam dragons
  19 ushabtiu
  5 basilisks
  46 redbacks
  49 yaks
  A hog (Elf:1)
  2 wargs
  17 chaos spawn
  15 neqoxecs
  3 vampire mosquitoes (D:12)
  A black mamba skeleton (Tomb:3)
  2 nagas
  17 harpy simulacra
  4 hydra simulacra
  9 water moccasins
  A glowing shapeshifter zombie (Crypt:3)
  Duvessa (D:5)
  3 acid dragons
  2 hell hounds
  A moth of wrath simulacrum (Zot:2)
  27 orc warriors
  3 sky beasts (D:9)
  Pargi (Sewer)
  2 small abominations (Abyss:3)
  An ice beast (D:6)
  12 laughing skulls
  7 black bears
  4 ettin simulacra
  15 wolves
  29 ogres
  6 centaurs
  A lindwurm skeleton (Crypt:2)
  A snapping turtle zombie (Crypt:1)
  A swamp dragon skeleton (Crypt:3)
  A boggart (Vaults:4)
  Blork the orc (D:5)
  7 brain worms
  A weeping skull (Abyss:1)
  A bullfrog (shapeshifter) (Elf:1)
  A kobold brigand (D:6)
  7 necrophages
  3 gnoll sergeants
  A warg zombie (Crypt:2)
  18 bullfrogs
  3 scorpions
  An earth elemental (Elf:2)
  18 wights
  A wyvern skeleton (D:5)
  A water moccasin skeleton (Crypt:3)
  Dowan (D:5)
  A queen bee zombie (Crypt:1)
  24 killer bees
  4 howler monkeys
  3 electric eels
  A bullfrog zombie (D:5)
  3 centaur zombies
  A human zombie (D:5)
  2 hounds (D:4)
  11 orc priests
  Crazy Yiuf (D:5)
  A bombardier beetle (D:5)
  A gnoll bouda (D:7)
  8 jellies
  A bullfrog skeleton (D:5)
  3 centaur skeletons
  2 sleepcaps (D:6)
  Ijyb (D:3)
  10 orc wizards
  4 iguanas
  4 hell rats
  A naga zombie (Crypt:1)
  A hound zombie (D:5)
  24 mummies
  26 gnolls
  6 adders
  A steam dragon skeleton (Crypt:1)
  4 shadow imps
  2 white imps
  2 ufetubi
  2 ribbon worms (D:5)
  2 dart slugs
  65 orcs
  10 bats
  10 endoplasms
  4 giant cockroaches
  A gnoll zombie (Crypt:2)
  16 goblins
  13 hobgoblins
  6 jackals
  12 kobolds
  2 quokkas
  9 ball pythons
  6 frilled lizards
  A goblin skeleton (Crypt:1)
  7 rats
  7 aspiring fleshes
  4 creeping infernos
  2 fire vortices
  A lurking horror (Vaults:2)
  A tentacle (Shoals:2)
3872 creatures vanquished.

Vanquished Creatures (collateral kills)
  A dread lich (Dis:3)
  An ancient lich (Tar:7)
  Sojobo (Vaults:2)
  A royal mummy (Tomb:1)
  A shard shrike (Coc:7)
  Bai Suzhen (Shoals:4)
  A curse toe (Zot:2)
  4 caustic shrikes (Dis:7)
  8 bone dragons
  5 golden dragons
  A profane servitor (Tar:3)
  Arachne (Spider:3)
  A doom hound (Tar:7)
  3 Brimstone Fiends
  5 Tzitzimimeh
  13 hellephants
  4 tentacled monstrosities
  A tainted leviathan (Tar:7)
  An Ice Fiend (Coc:2)
  2 Hell Sentinels (Dis:7)
  A shard shrike skeleton (Crypt:3)
  The ghost of Kenaa the Severer, an adept GrFi of Okawaru (Vaults:2)
  A lich (Crypt:3)
  3 quicksilver dragons
  A deep elf blademaster (Elf:3)
  4 sphinxes
  3 titans
  6 searing wretches
  4 acid blobs
  2 death cobs
  6 Orb Guardians (Zot:5)
  A kraken (Shoals:2)
  13 ancient champions
  5 Executioners (Pan)
  Polyphemus (Shoals:2)
  Donald (Vaults:2)
  3 storm dragons
  2 shadow dragons
  An azure jelly (Zig:18)
  A protean progenitor (Pan)
  2 tengu reavers (Abyss:3)
  2 demonspawn warmongers (Pan)
  A fenstrider witch (Pan)
  A rockslime (Zig:18)
  3 narguns
  3 deep elf sorcerers (Elf:3)
  8 fire giants
  A quicksilver elemental (Dis:7)
  An iron dragon (Dis:7)
  A frost giant (Vaults:5)
  2 deep elf elementalists (Elf:3)
  6 vault wardens
  14 balrugs
  A draconian shifter (Zot:5)
  An orc warlord (Vaults:2)
  2 draconian scorchers
  4 reapers (Pan)
  3 cacodemons (Pan)
  4 quicksilver oozes
  8 ironbound preservers
  A spriggan defender (Depths:2)
  2 juggernaut skeletons (Pan)
  2 demonspawn blood saints (Pan)
  2 stone giants
  2 formless jellyfish
  5 ironbound thunderhulks
  6 very ugly things
  A vampire knight (Crypt:3)
  2 caustic shrike skeletons
  2 green draconians
  A demonspawn black sun (Pan)
  3 black draconians
  A deep elf annihilator (Pan)
  An elemental wellspring (Coc:6)
  3 yellow draconians
  9 war gargoyles
  A spark wasp (Spider:2)
  6 dire elephants
  A white draconian (Zot:3)
  A wendigo (Coc:7)
  5 blizzard demons (Pan)
  3 iron golems
  A fire dragon (Depths:2)
  2 green deaths (Pan)
  4 ettins
  3 merfolk impalers
  A mummy priest (Tomb:1)
  The ghost of Gossuhes the Cleaver, a journeyman FoFi of Uskayaw (D:12)
  7 eidola
  A crystal guardian (Vaults:2)
  4 rakshasas
  A jiangshi (Depths:2)
  A deep elf high priest (Elf:3)
  3 entropy weavers
  2 yaktaur captains
  4 great orbs of eyes
  An ice dragon (Depths:1)
  A jorogumo (Pan)
  2 juggernaut simulacra
  2 centaur warriors (Vaults:1)
  4 vault guards
  A merfolk avatar (Shoals:1)
  2 spriggan air magi
  5 ironbound frosthearts
  5 caustic shrike simulacra
  A merfolk aquamancer (Shoals:2)
  A two-headed ogre (shapeshifter) (Vaults:2)
  9 dancing weapons
  A peacekeeper (Vaults:1)
  A fenstrider witch skeleton (Hell)
  3 two-headed ogres (D:12)
  2 deep troll shamans
  2 tengu warriors (D:15)
  A satyr (Shoals:3)
  A demonic crawler (Spider:2)
  3 death scarabs (Tomb:1)
  10 hell hogs
  A spriggan berserker (Depths:2)
  A deep troll earth mage (Depths:2)
  A spectral emperor scorpion (Pan)
  2 hell knights
  17 sun demons
  5 soul eaters
  An iron troll (Depths:1)
  2 deep elf knights (Elf:3)
  A titan skeleton (Crypt:3)
  3 skeletal warriors
  2 skysharks (Shoals:1)
  2 crystal echidnas
  A goliath frog (Pan)
  A shadow wraith (Pan)
  A spectral bunyip (Tar:1)
  9 sixfirhies (Pan)
  3 sun moths
  A glowing orange brain (shapeshifter) (Vaults:5)
  2 sea snakes
  A death drake (Abyss:3)
  17 deep trolls
  2 shadow demons (Pan)
  2 orc knights
  2 orb spiders
  A steelbarb worm (Spider:3)
  2 ironbound convokers
  4 deep elf archers
  A deep elf pyromancer (Elf:1)
  An alligator zombie (Hell)
  7 harpies
  8 large abominations
  3 ugly things
  6 deep elf zephyrmancers
  3 wolf spiders
  A spectral ettin (Tar:5)
  An orc sorcerer (Vaults:5)
  A jorogumo skeleton (Crypt:3)
  3 manticores
  3 fauns
  A meliai (Spider:4)
  2 moths of wrath
  5 smoke demons (Pan)
  A titan simulacrum (Coc:2)
  4 vault sentinels
  A water nymph (Shoals:4)
  A centaur zombie (Tomb:1)
  4 orange demons (Pan)
  2 hellions
  An eye of devastation (Zig:18)
  7 yaktaurs
  A sea snake zombie (Hell)
  2 efreet (Pan)
  An ice devil (Pan)
  2 freezing wraiths
  2 guardian mummies
  4 tormentors
  2 tengu conjurers
  3 spectral harpies
  2 iron giant simulacra
  6 merfolk
  5 hellwings (Pan)
  A red devil (Hell)
  A polar bear (Vaults:1)
  A sea snake skeleton (Crypt:1)
  A merfolk (shapeshifter) (Vaults:5)
  2 wind drakes (Pan)
  A hornet (Spider:4)
  6 tarantellas
  2 snapping turtles
  2 dream sheep (Shoals:3)
  An iron dragon simulacrum (Tomb:1)
  A jumping spider (shapeshifter) (Vaults:2)
  2 centaur simulacra (Coc:1)
  A stone giant simulacrum (Coc:2)
  3 jumping spiders
  2 air elementals (Elf:3)
  14 slime creatures
  8 culicivoras
  A dire elephant simulacrum (Coc:1)
  3 naga simulacra (Coc:1)
  6 water elementals
  2 ynoxinuls (Pan)
  A fire elemental (Elf:2)
  An alligator snapping turtle simulacrum (Coc:2)
  2 hogs (Elf:1)
  6 golden eyes
  6 chaos spawn (Pan)
  A neqoxec (Pan)
  11 redbacks
  A black draconian simulacrum (Zot:2)
  A harpy simulacrum (Coc:5)
  A demonspawn zombie (Hell)
  2 hydra simulacra (Coc:1)
  An orc warrior (Vaults:5)
  A small abomination (Abyss:3)
  A dream sheep skeleton (Crypt:1)
  A brain worm (Pan)
  6 wights (Crypt:3)
  An orc priest (Vaults:2)
  A starcursed mass (Abyss:3)
  A hell rat (Hell)
  4 mummies (Tomb:1)
  2 orcs
  4 creeping infernos
  3 fire vortices
  3 foxfires (Lair:2)
  2 tentacles (Shoals:2)
646 creatures vanquished.

Vanquished Creatures (others)
  An eldritch tentacle (Pan)
  A draconian monk (Zot:5)
  A demonspawn blood saint (Pan)
  A green draconian (Zot:1)
  A merfolk javelineer (Shoals:4)
  A dancing weapon (Elf:1)
  A smoke demon (Pan)
  A dire elephant simulacrum (Coc:7)
  A human (Elf:1)
  An adder (D:6)
  2 ball lightnings (Pan)
  2 creeping infernos
  32 fire vortices
  1322 foxfires
  2 starspawn tentacles (Abyss:3)
  33 tentacles (Shoals:2)
1403 creatures vanquished.

Grand Total: 5921 creatures vanquished

Notes
Turn   | Place    | Note
-------+----------+-------------------------------------------
     0 | D:1      | seandewar5 the Draconian Fire Elementalist began the quest
                  | for the Orb.
     0 | D:1      | Reached XP level 1. HP: 14/14 MP: 3/3
   139 | D:1      | Reached XP level 2. HP: 20/20 MP: 1/5
   394 | D:1      | Learned a level 2 spell: Scorch
   439 | D:1      | Reached XP level 3. HP: 23/26 MP: 0/6
  1489 | D:2      | Found a hide-covered altar of Uskayaw.
  1900 | D:2      | Reached XP level 4. HP: 33/33 MP: 1/7
  2473 | D:2      | Reached skill level 5 in Fire Magic
  2636 | D:3      | Found a radiant altar of Vehumet.
  2691 | D:3      | Became a worshipper of Vehumet
  2813 | D:3      | Found a blossoming altar of Fedhas.
  3965 | D:4      | Reached XP level 5. HP: 33/38 MP: 3/8
  4067 | D:4      | Learned a level 3 spell: Volatile Blastmotes
  4155 | D:4      | Reached skill level 1 in Translocations
  4240 | D:4      | Noticed Ijyb
  4288 | D:3      | Killed Ijyb
  4289 | D:3      | Reached XP level 6. HP: 42/45 MP: 4/9
  4817 | D:4      | Reached * piety under Vehumet
  4817 | D:4      | Offered knowledge of Kiss of Death by Vehumet.
  5302 | D:5      | Entered Level 5 of the Dungeon
  5456 | D:4      | Reached skill level 1 in Fighting
  5685 | D:5      | Found a glowing drain.
  5708 | Sewer    | Entered a sewer
  5778 | Sewer    | Your scales start taking on a dull iron-grey colour.
  5778 | Sewer    | Reached XP level 7. HP: 53/53 MP: 4/11
  5846 | Sewer    | Noticed Pargi
  5855 | Sewer    | Killed Pargi
  5856 | Sewer    | Reached skill level 2 in Fighting
  6009 | D:5      | Found a runed translucent door.
  6009 | D:5      | Noticed Suckerboh's ghost (novice KoBr)
  6180 | D:5      | Found a runed translucent door.
  6181 | D:5      | Noticed Crazy Yiuf
  6433 | D:5      | Reached skill level 3 in Fighting
  6681 | D:5      | Noticed Pikel
  6691 | D:5      | Killed Pikel
  6692 | D:5      | Reached skill level 5 in Fighting
  6692 | D:5      | Reached XP level 8. HP: 68/68 MP: 2/14
  6841 | D:5      | Noticed Blork the orc
  6857 | D:5      | Killed Blork the orc
  7133 | D:5      | Found a staircase to the Ecumenical Temple.
  7174 | D:5      | Noticed Duvessa
  7174 | D:5      | Noticed Dowan
  7315 | D:6      | Reached skill level 6 in Fighting
  7318 | D:6      | Offered knowledge of Shock by Vehumet.
  7346 | D:6      | Reached ** piety under Vehumet
  7631 | D:6      | Reached skill level 1 in Hexes
  7635 | D:6      | Learned a level 3 spell: Inner Flame
  8088 | D:6      | Reached skill level 5 in Conjurations
  8501 | D:7      | Noticed Prince Ribbit
  8663 | D:7      | Reached XP level 9. HP: 75/75 MP: 12/15
  9268 | D:7      | Killed Prince Ribbit
  9291 | D:7      | Noticed Joseph
  9864 | D:7      | Killed Joseph
 10425 | D:7      | Learned a level 4 spell: Flame Wave
 10614 | D:8      | Reached skill level 5 in Spellcasting
 10620 | D:8      | Noticed a two-headed ogre
 10625 | D:8      | Killed a two-headed ogre
 10626 | D:8      | Reached skill level 7 in Fighting
 10714 | D:8      | Offered knowledge of Momentum Strike by Vehumet.
 10715 | D:8      | Reached skill level 10 in Fire Magic
 10715 | D:8      | Reached XP level 10. HP: 81/86 MP: 9/17
 10936 | D:8      | Reached skill level 8 in Fighting
 11069 | D:8      | Reached *** piety under Vehumet
 12067 | D:8      | Offered knowledge of Frozen Ramparts by Vehumet.
 12491 | D:8      | Reached skill level 9 in Fighting
 12898 | D:8      | Found a staircase to the Lair.
 12983 | D:8      | Found a staircase to the Lair.
 13402 | D:8      | Found an iron altar of Okawaru.
 13440 | D:9      | Noticed Psyche
 13444 | D:9      | Killed Psyche
 13445 | D:9      | Reached skill level 5 in Translocations
 13550 | D:9      | Noticed a two-headed ogre
 13725 | D:9      | Killed a two-headed ogre
 13975 | D:8      | Reached skill level 10 in Fighting
 13975 | D:8      | Reached XP level 11. HP: 81/99 MP: 17/21
 15029 | D:9      | Found a sacrificial altar of Ru.
 15030 | D:9      | Found a glowing silver altar of Zin.
 15030 | D:9      | Found an opulent altar of Gozag.
 15142 | D:10     | Entered Level 10 of the Dungeon
 15468 | D:10     | Noticed Maurice
 15895 | D:10     | Killed Maurice
 16106 | D:10     | Reached **** piety under Vehumet
 16185 | D:10     | Offered knowledge of Sticky Flame by Vehumet.
 16629 | D:10     | Reached skill level 10 in Spellcasting
 17157 | D:11     | Identified 2 scrolls of acquirement
 17161 | D:11     | Acquired the +1 pair of gloves "Ugaorph" {Will+ MP+9}
 17205 | D:11     | Acquired the amulet of Jisubai {RegenMP ^Contam Int+8}
 17428 | D:11     | Noticed a two-headed ogre
 17432 | D:11     | Killed a two-headed ogre
 18112 | D:5      | Killed Suckerboh's ghost
 18170 | D:5      | Killed Crazy Yiuf
 18239 | D:5      | Killed Duvessa
 18240 | D:5      | Killed Dowan
 18531 | D:5      | Found an ancient bone altar of Kikubaaqudgha.
 18744 | Lair:1   | Entered Level 1 of the Lair of Beasts
 18854 | Lair:1   | Reached XP level 12. HP: 101/106 MP: 27/27
 19341 | Lair:1   | Noticed Sonja
 19351 | Lair:1   | Killed Sonja
 19773 | Lair:1   | Reached ***** piety under Vehumet
 19783 | Lair:1   | Offered knowledge of Fireball by Vehumet.
 19790 | Lair:1   | Learned a level 5 spell: Fireball
 20253 | Lair:1   | Found an ornate altar of the Wu Jian Council.
 20268 | Lair:1   | Noticed Amaemon
 20276 | Lair:1   | Killed Amaemon
 20533 | Lair:2   | Noticed an eight-headed hydra
 20539 | Lair:2   | Killed an eight-headed hydra
 20540 | Lair:2   | Reached skill level 10 in Conjurations
 20784 | Lair:2   | Reached skill level 1 in Maces & Flails
 21125 | Lair:2   | Noticed Gastronok
 21139 | Lair:2   | Killed Gastronok
 21140 | Lair:2   | Reached XP level 13. HP: 113/113 MP: 28/29
 21235 | Lair:2   | Found a hole to the Spider Nest.
 21936 | Lair:3   | Found a dark tunnel.
 21943 | Volcano  | Entered a volcano
 22255 | Lair:3   | Found a staircase to the Shoals.
 23941 | Lair:5   | Entered Level 5 of the Lair of Beasts
 24650 | Lair:5   | Offered knowledge of Spellforged Servitor by Vehumet.
 24748 | Lair:4   | Learned a level 7 spell: Spellforged Servitor
 25008 | Lair:5   | Reached skill level 1 in Summonings
 25015 | Lair:5   | Reached XP level 14. HP: 112/122 MP: 29/30
 25028 | Lair:5   | Reached skill level 11 in Fighting
 25230 | Lair:5   | Found a staircase to the Slime Pits.
 25231 | Lair:5   | Found a viscous altar of Jiyva.
 25785 | Lair:5   | Identified the staff of Animal Spirits {Fly rElec rPois
                  | Air}
 25885 | Lair:5   | Learned a level 6 spell: Plasma Beam
 26288 | D:12     | Found a transporter.
 26288 | D:12     | Noticed Gossuhes's ghost (journeyman FoFi)
 26288 | D:12     | Identified the +11 great mace "Viehewum" {protect, rC++
                  | Str+3}
 26519 | D:12     | Found a transporter.
 26622 | D:12     | Found a staircase to the Orcish Mines.
 26799 | D:13     | Reached skill level 1 in Air Magic
 26873 | D:13     | Noticed Jorgrun
 26904 | D:13     | Killed Jorgrun
 26905 | D:13     | Reached skill level 5 in Summonings
 27009 | D:13     | Noticed Rupert
 27069 | Orc:1    | Entered Level 1 of the Orcish Mines
 27136 | Orc:1    | Noticed an orc warlord
 27140 | Orc:1    | Killed an orc warlord
 27842 | Orc:2    | Entered Level 2 of the Orcish Mines
 27860 | Orc:2    | Offered knowledge of Arcjolt by Vehumet.
 28267 | Orc:2    | Reached skill level 1 in Shields
 28639 | Orc:2    | Reached skill level 12 in Fighting
 28710 | Orc:2    | Found Kymagud's Jewellery Boutique.
 28763 | Orc:2    | Found Aciapliv's Armour Shoppe.
 28778 | Orc:2    | Found Huqan's Assorted Antiques.
 28779 | Orc:2    | Found Ciusum's Antique Weapon Emporium.
 28808 | Orc:2    | Bought a potion of enlightenment for 165 gold pieces
 28808 | Orc:2    | Bought a golden potion for 29 gold pieces
 28808 | Orc:2    | Bought a potion of magic for 264 gold pieces
 29284 | Orc:2    | Found a staircase to the Elven Halls.
 29613 | D:13     | Noticed an ironbound preserver
 29616 | D:13     | Killed an ironbound preserver
 29617 | D:13     | Reached XP level 15. HP: 132/132 MP: 29/31
 29643 | D:13     | Noticed Urug
 29643 | D:13     | Noticed Lodul
 29770 | D:13     | Reached skill level 5 in Shields
 31375 | D:13     | Killed Rupert
 31406 | D:13     | Killed Urug
 32013 | D:13     | Killed Lodul
 32077 | D:13     | Found a gate to the Vaults.
 32094 | D:13     | Found a broken altar of Ashenzari.
 32169 | D:13     | Found a runed translucent gate.
 32169 | D:13     | Found a runed translucent gate.
 32169 | D:13     | Found a runed translucent gate.
 32170 | D:13     | Noticed HilariousDeathArtist's ghost (journeyman VSBe)
 32175 | D:13     | Killed HilariousDeathArtist's ghost
 32188 | D:13     | Identified the ring of Xom's Flight of Fancy {Ice Str+3}
 32863 | D:14     | Found a radiant altar of Vehumet.
 32930 | D:14     | Offered knowledge of Yara's Violent Unravelling by Vehumet.
 33087 | D:14     | Noticed Agnes
 33091 | D:14     | Killed Agnes
 33499 | D:15     | Entered Level 15 of the Dungeon
 33916 | D:15     | Reached skill level 5 in Air Magic
 33992 | D:15     | Reached skill level 10 in Summonings
 34329 | D:15     | Noticed Roxanne
 34602 | D:15     | Found a staircase to the Depths.
 35288 | D:12     | Killed Gossuhes's ghost
 35292 | D:12     | Reached XP level 16. HP: 129/139 MP: 12/32
 35561 | Shoals:1 | Entered Level 1 of the Shoals
 35742 | Shoals:1 | Found Jigrofep's Antique Armour Boutique.
 35968 | Shoals:1 | Noticed Nikola
 36844 | Shoals:1 | Killed Nikola
 37187 | Shoals:1 | Found Ulefoul's Antique Armour Emporium.
 37313 | Shoals:1 | Found Lanuesie's Book Shoppe.
 37576 | Shoals:2 | Noticed a kraken
 37687 | Shoals:2 | Noticed Mlioglotl
 37884 | Shoals:2 | Noticed Ilsuiw
 38057 | Shoals:2 | Reached skill level 10 in Air Magic
 38106 | Shoals:2 | Killed a kraken
 38272 | Shoals:2 | Killed Ilsuiw
 38274 | Shoals:2 | Noticed a tentacled starspawn
 38274 | Shoals:2 | Killed Mlioglotl
 38530 | Shoals:2 | Reached skill level 5 in Dodging
 38556 | Shoals:2 | Offered knowledge of Bombard by Vehumet.
 38575 | Shoals:2 | Learned a level 6 spell: Bombard
 38728 | Shoals:2 | Reached skill level 1 in Earth Magic
 38770 | Shoals:2 | Noticed Polyphemus
 38774 | Shoals:2 | Killed Polyphemus
 39464 | Shoals:3 | Learned a level 3 spell: Passwall
 39673 | Shoals:3 | Reached XP level 17. HP: 118/146 MP: 30/33
 39779 | Shoals:3 | Reached skill level 5 in Earth Magic
 40141 | Shoals:3 | Found a runed translucent door.
 40153 | Shoals:3 | Noticed Meoqees's ghost (adept MiFi)
 40220 | Shoals:3 | Killed Meoqees's ghost
 40669 | Shoals:4 | Entered Level 4 of the Shoals
 41072 | Shoals:4 | Noticed Bai Suzhen
 41151 | Shoals:4 | Killed Bai Suzhen
 41299 | Shoals:4 | Identified the +8 arbalest "Kaiharo" {flame, Will+ rCorr}
 41908 | Shoals:4 | Got a barnacled rune of Zot
 42590 | Orc:2    | Bought a ring of protection from fire for 275 gold pieces
 42614 | Elf:1    | Entered Level 1 of the Elven Halls
 42746 | Elf:1    | Noticed Kirke
 42751 | Elf:1    | Killed Kirke
 42751 | Elf:1    | Reached ****** piety under Vehumet
 42897 | Elf:1    | Reached skill level 10 in Earth Magic
 43880 | Elf:1    | Found Kofin's Magic Scroll Shop.
 43890 | Elf:1    | Bought a scroll of blinking for 97 gold pieces
 43890 | Elf:1    | Bought a scroll of enchant armour for 97 gold pieces
 43890 | Elf:1    | Bought a scroll of teleportation for 39 gold pieces
 43890 | Elf:1    | Bought a scroll of teleportation for 39 gold pieces
 44338 | Shoals:1 | Bought a book of Spatial Translocations for 288 gold pieces
 44341 | Shoals:1 | Learned a level 2 spell: Blink
 44784 | Elf:1    | Offered knowledge of Lee's Rapid Deconstruction by Vehumet.
 44969 | Elf:2    | Found a flickering gateway to a bazaar.
 45202 | Bazaar   | Entered a bazaar
 45203 | Bazaar   | Found Jadymm's General Store.
 45203 | Bazaar   | Found Enoant's Book Shop.
 45237 | Bazaar   | Found Kisegh's Distillery.
 45252 | Bazaar   | Found Gesk's Book Emporium.
 45286 | Bazaar   | Found Cuivvo's Antique Armour Shoppe.
 45296 | Bazaar   | Bought a shiny buckler for 217 gold pieces
 45346 | Bazaar   | Bought a book of Armaments for 396 gold pieces
 45380 | Bazaar   | Bought an Everburning Encyclopedia for 456 gold pieces
 45412 | Bazaar   | Bought 2 potions of heal wounds for 170 gold pieces
 45412 | Bazaar   | Bought a potion of magic for 136 gold pieces
 46024 | Elf:2    | Found a runed translucent gate.
 46028 | Elf:2    | Found a runed translucent gate.
 46028 | Elf:2    | Found a runed translucent gate.
 46031 | Elf:2    | Reached XP level 18. HP: 154/154 MP: 34/34
 46375 | Elf:3    | Entered Level 3 of the Elven Halls
 46944 | Elf:3    | Found Huotufim's Self-Improvement Boutique.
 47883 | Elf:3    | Identified the ring "Pumuz" {rElec MP+9 Str+3 Dex-3}
 47895 | Elf:3    | Identified the +11 mace "Naxkog Vophe" {antimagic, Stlth+}
 48305 | Elf:3    | Identified the +8 flail of Departure {freeze, rPois rN+
                  | Int-5}
 48379 | Elf:3    | Identified the ring "Muan" {rElec rF- rN+ rCorr}
 48491 | Elf:3    | Offered knowledge of Maxwell's Capacitive Coupling by
                  | Vehumet.
 48524 | Elf:2    | Learned a level 8 spell: Maxwell's Capacitive Coupling
 49083 | Orc:2    | Bought a ring of see invisible for 165 gold pieces
 49321 | Spider:1 | Entered Level 1 of the Spider Nest
 49738 | Spider:1 | Found a transporter.
 49837 | Spider:1 | Found a transporter.
 49878 | Spider:1 | Identified the +2 sling of the Saviour {drain, Fly rN+}
 49930 | Spider:1 | Reached skill level 15 in Earth Magic
 50818 | Spider:2 | Reached skill level 15 in Conjurations
 50975 | Spider:2 | Reached XP level 19. HP: 160/160 MP: 14/35
 51583 | Spider:2 | Offered knowledge of Fire Storm by Vehumet.
 51583 | Spider:2 | Offered knowledge of Shatter by Vehumet.
 51583 | Spider:2 | Offered knowledge of Chain Lightning by Vehumet.
 53681 | Spider:3 | Noticed Arachne
 53686 | Spider:3 | Killed Arachne
 54177 | Spider:4 | Entered Level 4 of the Spider Nest
 56096 | Spider:4 | Got a gossamer rune of Zot
 56176 | Spider:4 | Learned a level 8 spell: Lehudib's Crystal Spear
 56508 | Vaults:1 | Entered Level 1 of the Vaults
 57122 | Vaults:1 | Reached XP level 20. HP: 163/168 MP: 19/37
 57123 | Vaults:1 | Reached skill level 10 in Dodging
 57926 | Vaults:1 | Paralysed by a formless jellyfish for 1 turns
 58350 | Vaults:1 | Identified the +5 battleaxe of Putrescence {antimagic, Fly
                  | rC- Str+3}
 58913 | Vaults:1 | Learned a level 9 spell: Shatter
 59145 | Vaults:2 | Noticed Sojobo
 59342 | Vaults:2 | Noticed Donald
 59345 | Vaults:2 | Killed Donald
 59592 | Vaults:2 | Found a transporter.
 59633 | Vaults:2 | Noticed Kenaa's ghost (adept GrFi)
 59649 | Vaults:2 | Found a transporter.
 59659 | Vaults:2 | Found a one-way gate to the infinite horrors of the Abyss.
 59697 | Vaults:2 | Killed Sojobo
 59862 | Vaults:2 | Killed Kenaa's ghost
 61414 | Vaults:2 | Found Abbez's Magic Scroll Emporium.
 61419 | Vaults:2 | Bought a scroll of blinking for 157 gold pieces
 62506 | Vaults:3 | Found a staircase to the Crypt.
 62506 | Vaults:3 | Found an ancient bone altar of Kikubaaqudgha.
 62507 | Vaults:3 | Found a basalt altar of Yredelemnul.
 62758 | Vaults:3 | Reached XP level 21. HP: 174/174 MP: 38/38
 63429 | Vaults:3 | Found Deownur's Antique Weapon Emporium.
 64276 | Vaults:4 | Identified the +1 pair of gloves "Hubam" {Harm rC+}
 64502 | Vaults:4 | Reached skill level 13 in Fighting
 64665 | Vaults:4 | Found Lumesuim's Weapon Boutique.
 65074 | Vaults:4 | Found a huge runed translucent gate.
 65075 | Vaults:4 | Found a huge runed translucent gate.
 65075 | Vaults:4 | Found a huge runed translucent gate.
 65076 | Vaults:4 | Found a huge runed translucent gate.
 65076 | Vaults:4 | Found a huge runed translucent gate.
 65077 | Vaults:4 | Found a huge runed translucent gate.
 65078 | Vaults:4 | Found a huge runed translucent gate.
 65079 | Vaults:4 | Found a huge runed translucent gate.
 65080 | Vaults:4 | Found a huge runed translucent gate.
 65080 | Vaults:4 | Found a huge runed translucent gate.
 65080 | Vaults:4 | Found a huge runed translucent gate.
 65080 | Vaults:4 | Found a huge runed translucent gate.
 65081 | Vaults:4 | Found a huge runed translucent gate.
 65082 | Vaults:4 | Found a huge runed translucent gate.
 65083 | Vaults:4 | Found a huge runed translucent gate.
 65083 | Vaults:4 | Found a huge runed translucent gate.
 65087 | Vaults:4 | Found a huge runed translucent gate.
 65088 | Vaults:4 | Found a huge runed translucent gate.
 65089 | Vaults:4 | Found a huge runed translucent gate.
 65100 | Vaults:4 | Found a huge runed translucent gate.
 65101 | Vaults:4 | Found a huge runed translucent gate.
 65102 | Vaults:4 | Found a huge runed translucent gate.
 65103 | Vaults:4 | Found a huge runed translucent gate.
 65104 | Vaults:4 | Found a huge runed translucent gate.
 65104 | Vaults:4 | Found a huge runed translucent gate.
 65131 | Vaults:4 | Found a huge runed translucent gate.
 65132 | Vaults:4 | Found a huge runed translucent gate.
 65132 | Vaults:4 | Found a huge runed translucent gate.
 65132 | Vaults:4 | Found a huge runed translucent gate.
 65132 | Vaults:4 | Found a huge runed translucent gate.
 65224 | Vaults:4 | Found a huge runed translucent gate.
 65225 | Vaults:4 | Found a huge runed translucent gate.
 65225 | Vaults:4 | Found a huge runed translucent gate.
 65231 | Vaults:4 | Found a huge runed translucent gate.
 65667 | Vaults:4 | Found a huge runed translucent gate.
 65668 | Vaults:4 | Identified the ring "Kulas" {rF+ Slay+3}
 65669 | Vaults:4 | Noticed an ancient lich
 65670 | Vaults:4 | Noticed a golden dragon
 65673 | Vaults:4 | Identified the +1 trident "Caceuch" {freeze, rC++ Int+3}
 65707 | Vaults:4 | Killed an ancient lich
 65708 | Vaults:4 | Killed a golden dragon
 66071 | Vaults:4 | Reached XP level 22. HP: 170/188 MP: 34/40
 66508 | Vaults:5 | Entered Level 5 of the Vaults
 66510 | Vaults:5 | Reached skill level 14 in Fighting
 66527 | Vaults:5 | Noticed a golden dragon
 66534 | Vaults:5 | Killed a golden dragon
 66827 | Vaults:5 | Reached skill level 15 in Spellcasting
 66828 | Vaults:5 | Reached skill level 15 in Fighting
 66960 | Vaults:5 | Identified the +11 spear of Gewnasu {heavy, MP+9 Int+4}
 67185 | Vaults:5 | Identified the +11 mace of Asmisyij {elec, Will+}
 67635 | Vaults:5 | Reached skill level 15 in Air Magic
 67810 | Vaults:5 | Identified the +4 hand axe of the Orb {protect, rPois Str+3
                  | Stlth-}
 67896 | Vaults:5 | Identified the +4 scale mail of the Pit {Regen+ Slay+3}
 68227 | Vaults:5 | Identified the ring "Esol" {rF+ MP+9 Dex+3 SInv}
 68408 | Vaults:5 | Got a silver rune of Zot
 68650 | Vaults:5 | Reached XP level 23. HP: 173/196 MP: 42/42
 69224 | Vaults:5 | Identified the +8 arbalest of Yraadiug {elec, rPois Stlth+}
 69224 | Vaults:5 | Identified the +7 halberd "Uschiema" {drain, *Rage rElec
                  | rN+ Int+6}
 69879 | Slime:1  | Entered Level 1 of the Pits of Slime
 70069 | Slime:1  | Reached skill level 16 in Fighting
 71610 | Slime:3  | Gained mutation: Your magical capacity is low. (-10% MP) [a
                  | shining eye]
 72017 | Slime:3  | Paralysed by a formless jellyfish for 1 turns
 72020 | Slime:3  | Paralysed by a formless jellyfish for 1 turns
 72749 | Slime:5  | Entered Level 5 of the Pits of Slime
 73390 | Slime:5  | Identified the ring of Ochoih {rF+ Dex+3}
 73391 | Slime:5  | Identified the +0 pair of gloves "Xerhifeq" {Int+3}
 73399 | Slime:5  | Gained mutation: You are clumsy. (Dex -2) [a shining eye]
 73405 | Slime:5  | Paralysed by a formless jellyfish for 1 turns
 74512 | Slime:5  | Noticed the Royal Jelly
 74862 | Slime:5  | Identified the ring of Knowledge {+Blink Fly rElec Will-
                  | SInv}
 75078 | Slime:5  | Identified the +7 sling "Vekh" {drain, Int+3}
 75119 | Slime:5  | Killed the Royal Jelly
 75337 | Slime:5  | Paralysed by a formless jellyfish for 1 turns
 76076 | Slime:5  | Identified the staff of Pimil {rC+ Int+3 Dex+3 Earth
                  | Alchemy}
 76129 | Slime:5  | Found the +16 obsidian axe {drain, demonic, Mesm ^Drain Fly
                  | SInv}
 76145 | Slime:5  | Got a slimy rune of Zot
 76214 | Slime:5  | Identified the ring "Isurhoju" {rF- rN+++ Dex+6}
 76979 | Orc:2    | Bought a potion of mutation for 264 gold pieces
 77983 | Crypt:1  | Entered Level 1 of the Crypt
 77991 | Crypt:1  | Reached skill level 17 in Fighting
 78291 | Crypt:1  | Reached skill level 1 in Evocations
 79133 | Crypt:2  | Reached XP level 24. HP: 203/215 MP: 31/37
 79702 | Crypt:2  | Identified the ring of Senogam {Ice Will+}
 80211 | Crypt:3  | Entered Level 3 of the Crypt
 80398 | Crypt:3  | Found a staircase to the Tomb.
 80788 | Crypt:3  | Reached skill level 18 in Fighting
 80961 | Crypt:3  | Identified the staff of Jayxok {rPois rN+ Necro}
 81084 | Crypt:3  | Reached skill level 1 in Shapeshifting
 81426 | Crypt:3  | Identified the +0 pair of gloves of Repulsion {rElec Int+3}
 81751 | Crypt:3  | Reached skill level 5 in Shapeshifting
 82385 | Depths:1 | Entered Level 1 of the Depths
 82394 | Depths:1 | Found an iron altar of Okawaru.
 82483 | Depths:1 | Noticed sanka's ghost (journeyman TrMo)
 82575 | Depths:1 | Found a runed translucent door.
 82679 | Depths:1 | Found Jousk's Antique Armour Shoppe.
 83169 | Depths:1 | Killed sanka's ghost
 83303 | Depths:1 | Found a gateway to Hell.
 83392 | Depths:2 | Identified the +0 cloak of Boredom {rElec Int+6}
 83583 | Depths:2 | Found a one-way gate leading to the halls of Pandemonium.
 83897 | Depths:2 | Reached skill level 10 in Shapeshifting
 84837 | Depths:2 | Identified the staff "Hell-Harrower" {rPois rF+ Alchemy}
 85215 | Depths:2 | Reached XP level 25. HP: 224/224 MP: 37/37
 86150 | Depths:3 | Found Qehofitro's Weapon Shoppe.
 86156 | Depths:3 | Found Cuqetzen's Assorted Antiques.
 86164 | Depths:3 | Bought a scroll of fog for 188 gold pieces
 86164 | Depths:3 | Bought a potion of heal wounds for 235 gold pieces
 86541 | Elf:3    | Bought a manual of Dodging for 1040 gold pieces
 88119 | Depths:4 | Entered Level 4 of the Depths
 88918 | Depths:4 | Found a gate to the Realm of Zot.
 89005 | Depths:4 | Found a one-way gateway to a ziggurat.
 89059 | Depths:4 | Reached skill level 15 in Shapeshifting
 89112 | Depths:4 | Noticed Margery
 89119 | Depths:4 | Killed Margery
 89121 | Depths:4 | Killed the ghostly Margery
 89787 | Hell     | Entered the Vestibule of Hell
 89787 | Hell     | Noticed Geryon
 89818 | Hell     | Killed Geryon
 91239 | Hell     | Found a gateway to the Iron City of Dis.
 91314 | Hell     | Found a gateway to the decaying netherworld of Tartarus.
 91377 | Hell     | Found a gateway to the ashen valley of Gehenna.
 91522 | Hell     | Found a gateway to the freezing wastes of Cocytus.
 91761 | Depths:3 | Voluntarily entered the Abyss.
 91802 | Abyss:1  | Found a corrupted altar of Lugonu.
 92007 | Abyss:3  | Reached XP level 26. HP: 226/232 MP: 24/37
 92060 | Abyss:3  | Gained mutation: Your body sometimes deteriorates upon
                  | taking damage. [a neqoxec]
 92107 | Abyss:3  | Got an abyssal rune of Zot
 92121 | Depths:3 | Escaped the Abyss
 92329 | Depths:3 | Lost mutation: Your magical capacity is low. (-10% MP)
                  | [potion of mutation]
 92329 | Depths:3 | Lost mutation: Your body sometimes deteriorates upon taking
                  | damage. [potion of mutation]
 92329 | Depths:3 | Lost mutation: You are clumsy. (Dex -2) [potion of
                  | mutation]
 92329 | Depths:3 | Gained mutation: You have a somewhat thin skeletal
                  | structure. (Dex +2, Stealth+) [potion of mutation]
 92329 | Depths:3 | Gained mutation: You are strong-willed. (Will+) [potion of
                  | mutation]
 92329 | Depths:3 | Gained mutation: Your health recovers twice as slowly from
                  | being drained. [potion of mutation]
 93663 | Zot:1    | Entered Level 1 of the Realm of Zot
 95006 | Zot:2    | Acquired the ring "Majeja" {Fly Will+ rCorr Dex+3}
 95031 | Zot:2    | Noticed an orb of fire
 95035 | Zot:2    | Found a transporter.
 95036 | Zot:2    | Noticed Icycared's ghost (master GrFi)
 95036 | Zot:2    | Noticed an orb of fire
 95138 | Zot:2    | Noticed an orb of fire
 95142 | Zot:2    | Killed an orb of fire
 95233 | Zot:2    | Found a transporter.
 95375 | Zot:2    | Found a transporter.
 95392 | Zot:2    | Identified the ring of Wous {Ice SInv}
 95392 | Zot:2    | Noticed Josephina
 95397 | Zot:2    | Killed Josephina
 95649 | Zot:2    | Noticed an orb of fire
 95655 | Zot:2    | Killed an orb of fire
 95930 | Zot:2    | Found a transporter.
 97322 | Zot:3    | Noticed a juggernaut
 97324 | Zot:3    | Killed a juggernaut
 97583 | Zot:4    | Identified the +8 battleaxe of the Coin {heavy, rPois
                  | Int+3}
 98269 | Zot:4    | Reached XP level 27. HP: 215/238 MP: 38/42
 99110 | Zot:5    | Entered Level 5 of the Realm of Zot
 99238 | Zot:5    | Noticed an orb of fire
 99241 | Zot:5    | Gained mutation: You are frail. (-10% HP) [an orb of fire]
 99242 | Zot:5    | Killed an orb of fire
 99411 | Zot:5    | Noticed an orb of fire
 99415 | Zot:5    | Gained mutation: You are clumsy. (Dex -2) [an orb of fire]
 99419 | Zot:5    | Gained mutation: You occasionally lose the ability to read
                  | scrolls when taking damage. [an orb of fire]
 99422 | Zot:5    | Killed an orb of fire
 99566 | Zot:4    | Lost mutation: You are strong-willed. (Will+) [potion of
                  | mutation]
 99566 | Zot:4    | Lost mutation: You are frail. (-10% HP) [potion of
                  | mutation]
 99566 | Zot:4    | Gained mutation: You have very sharp teeth. [potion of
                  | mutation]
 99566 | Zot:4    | Gained mutation: Your system is resistant to poisons.
                  | (rPois) [potion of mutation]
 99566 | Zot:4    | Lost mutation: You are clumsy. (Dex -2) [potion of
                  | mutation]
 99566 | Zot:4    | Gained mutation: Your tail ends in a venomous barb. [potion
                  | of mutation]
 99567 | Zot:4    | Lost mutation: You have very sharp teeth. [potion of
                  | mutation]
 99567 | Zot:4    | Lost mutation: You have a somewhat thin skeletal structure.
                  | (Dex +2, Stealth+) [potion of mutation]
 99567 | Zot:4    | Gained mutation: Your tail ends in a sharp venomous barb.
                  | [potion of mutation]
 99567 | Zot:4    | Gained mutation: You have sharp toenails. [potion of
                  | mutation]
 99568 | Zot:4    | Lost mutation: Your system is resistant to poisons. (rPois)
                  | [potion of mutation]
 99568 | Zot:4    | Lost mutation: Your tail ends in a sharp venomous barb.
                  | [potion of mutation]
 99568 | Zot:4    | Gained mutation: You have hidden genetic defects. [potion
                  | of mutation]
 99568 | Zot:4    | Gained mutation: You possess an exceptional clarity of
                  | mind. [potion of mutation]
 99569 | Zot:4    | Lost mutation: You have sharp toenails. [potion of
                  | mutation]
 99569 | Zot:4    | Lost mutation: Your tail ends in a venomous barb. [potion
                  | of mutation]
 99570 | Zot:4    | Lost mutation: You possess an exceptional clarity of mind.
                  | [potion of mutation]
 99570 | Zot:4    | Lost mutation: Your health recovers twice as slowly from
                  | being drained. [potion of mutation]
 99570 | Zot:4    | Gained mutation: You are agile. (Dex +4, Str/Int -1)
                  | [potion of mutation]
 99570 | Zot:4    | Gained mutation: You are frail. (-10% HP) [potion of
                  | mutation]
 99570 | Zot:4    | Gained mutation: You do not regenerate when monsters are
                  | visible. [potion of mutation]
 99571 | Zot:4    | Lost mutation: You have hidden genetic defects. [potion of
                  | mutation]
 99571 | Zot:4    | Lost mutation: You are frail. (-10% HP) [potion of
                  | mutation]
 99571 | Zot:4    | Gained mutation: You have sharp toenails. [potion of
                  | mutation]
 99571 | Zot:4    | Gained mutation: You expend magic power (3 MP) to
                  | strengthen your wands. [potion of mutation]
 99572 | Zot:4    | Lost mutation: You are agile. (Dex +4, Str/Int -1) [potion
                  | of mutation]
 99572 | Zot:4    | Lost mutation: You have sharp toenails. [potion of
                  | mutation]
 99572 | Zot:4    | Gained mutation: You have a somewhat thin skeletal
                  | structure. (Dex +2, Stealth+) [potion of mutation]
 99572 | Zot:4    | Gained mutation: You are agile. (Dex +4, Str/Int -1)
                  | [potion of mutation]
 99904 | Zot:5    | Noticed an orb of fire
 99908 | Zot:5    | Killed an orb of fire
100098 | Zot:5    | Noticed an ancient lich
100102 | Zot:5    | Killed an ancient lich
100351 | Zot:5    | Noticed an orb of fire
100352 | Zot:5    | Reached skill level 10 in Shields
100353 | Zot:5    | Noticed an orb of fire
100631 | Zot:5    | Gained mutation: You are dopey. (Int -2) [an orb of fire]
100634 | Zot:5    | Killed an orb of fire
100810 | Zot:5    | Gained mutation: You sometimes lose your temper in combat.
                  | [an orb of fire]
101134 | Zot:4    | Killed an orb of fire
101569 | Zot:5    | Noticed an ancient lich
101572 | Zot:5    | Killed an ancient lich
101579 | Zot:5    | Noticed a dread lich
101724 | Zot:5    | Killed a dread lich
103470 | Depths:2 | Learned a level 1 spell: Apportation
104539 | Zig:1    | Entered Level 1 of a ziggurat
104542 | Zig:1    | Reached skill level 15 in Dodging
104562 | Zig:2    | Entered Level 2 of a ziggurat
104585 | Zig:3    | Entered Level 3 of a ziggurat
104622 | Zig:3    | Got Sif Muna's Directory of Cryomancy and Formation
104628 | Zig:4    | Entered Level 4 of a ziggurat
104632 | Zig:4    | Reached skill level 1 in Throwing
104660 | Zig:5    | Entered Level 5 of a ziggurat
104666 | Zig:5    | Reached skill level 19 in Fighting
104683 | Zig:5    | Identified the +4 scimitar of Success {freeze, Will++}
104689 | Zig:6    | Entered Level 6 of a ziggurat
104722 | Zig:6    | Reached skill level 5 in Throwing
104730 | Zig:7    | Entered Level 7 of a ziggurat
104739 | Zig:7    | Found the +8 orange crystal plate armour {Archmagi, Int+3
                  | Clar}
104771 | Zig:8    | Entered Level 8 of a ziggurat
104792 | Zig:8    | Identified the +6 rapier "Wonnuhoc" {protect, rElec Int+3}
104800 | Zig:8    | Identified the +2 ring mail of Tery {Regen+}
104819 | Zig:9    | Entered Level 9 of a ziggurat
104845 | Zig:9    | Identified the ring of Coylouss {rElec AC+4 Int+3}
104855 | Zig:9    | Got the Papyrus of Bad Luck and Production
104860 | Zig:10   | Entered Level 10 of a ziggurat
105074 | Zig:10   | Identified the +4 sling "Zunn" {heavy, rPois rF+ Int-2}
105081 | Zig:10   | Identified the +0 ring mail "Xaoriasi" {Slay+6}
105091 | Zig:11   | Entered Level 11 of a ziggurat
105100 | Zig:11   | Noticed a royal mummy
105101 | Zig:11   | Noticed a royal mummy
105102 | Zig:11   | Killed a royal mummy
105102 | Zig:11   | Noticed a royal mummy
105103 | Zig:11   | Noticed a royal mummy
105104 | Zig:11   | Killed a royal mummy
105104 | Zig:11   | Killed a royal mummy
105108 | Zig:11   | Killed a royal mummy
105124 | Zig:11   | Identified the +2 robe of Imperfection {Dex+4}
105128 | Zig:11   | Identified the +11 chain mail "Opnaly" {+Inv Int-4 Dex+7}
105142 | Zig:11   | Got the Volume of Dusty Outbursts
105179 | Zig:11   | Lost mutation: You sometimes lose your temper in combat.
                  | [potion of mutation]
105179 | Zig:11   | Lost mutation: You are dopey. (Int -2) [potion of mutation]
105179 | Zig:11   | Lost mutation: You expend magic power (3 MP) to strengthen
                  | your wands. [potion of mutation]
105179 | Zig:11   | Gained mutation: Your flesh is heat resistant. (rF+)
                  | [potion of mutation]
105179 | Zig:11   | Gained mutation: You are somewhat resistant to further
                  | mutation. [potion of mutation]
105180 | Zig:11   | Lost mutation: You are agile. (Dex +4, Str/Int -1) [potion
                  | of mutation]
105180 | Zig:11   | Lost mutation: You occasionally lose the ability to read
                  | scrolls when taking damage. [potion of mutation]
105180 | Zig:11   | Gained mutation: You are robust. (+10% HP) [potion of
                  | mutation]
105181 | Zig:11   | Lost mutation: You are somewhat resistant to further
                  | mutation. [potion of mutation]
105181 | Zig:11   | Lost mutation: You are robust. (+10% HP) [potion of
                  | mutation]
105181 | Zig:11   | Gained mutation: You have sharp toenails. [potion of
                  | mutation]
105181 | Zig:11   | Gained mutation: Your flesh is cold resistant. (rC+)
                  | [potion of mutation]
105197 | Zig:12   | Entered Level 12 of a ziggurat
105205 | Zig:12   | Noticed a dread lich
105205 | Zig:12   | Noticed an ancient lich
105206 | Zig:12   | Killed a dread lich
105209 | Zig:12   | Killed an ancient lich
105267 | Zig:12   | Identified the ring of Cytemupp {rPois rC+ Will- rCorr}
105292 | Zig:12   | Reached skill level 20 in Fighting
105303 | Zig:13   | Entered Level 13 of a ziggurat
105321 | Zig:13   | Found the +8 trishula "Condemnation" {holy, anguish, *Noise
                  | Fly rN+}
105331 | Zig:13   | Identified the +5 scale mail of Nemurcha {Harm Int+6 Dex+2}
105335 | Zig:13   | Got the Grimoire of the Massed Glacier
105337 | Zig:13   | Identified the +6 sling "Pugeguj" {drain, rF++ Str+3}
105347 | Zig:13   | Identified the +8 flail of Fexuser {venom, rN+ Int+3}
105349 | Zig:13   | Identified the +3 short sword "Aqol" {distort, rF+ Int-3
                  | Dex+2}
105351 | Zig:13   | Identified the +2 battleaxe of the Manifold Spirits {holy,
                  | rC+ Str+4 Int-4 SInv}
105373 | Zig:14   | Entered Level 14 of a ziggurat
105604 | Zig:14   | Identified the ring of Yesterday {+Blink rF+ Dex+3 SInv}
105606 | Zig:14   | Got the Compilation of Transforming Electricity
105615 | Zig:14   | Identified the +4 broad axe "Nyireniw" {holy, rC- Str+7
                  | SInv}
105617 | Zig:15   | Entered Level 15 of a ziggurat
105760 | Zig:16   | Entered Level 16 of a ziggurat
105786 | Zig:16   | Reached skill level 10 in Throwing
105990 | Zig:16   | Identified the +3 long sword "Cazouta" {holy, rF+ Stlth+}
106002 | Zig:17   | Entered Level 17 of a ziggurat
106015 | Zig:17   | Learned a level 9 spell: Fire Storm
106025 | Zig:17   | Reached skill level 15 in Fire Magic
106109 | Zig:17   | Identified the +4 scale mail of Viasho {rC++ Will- rCorr
                  | Stlth+}
106129 | Zig:17   | Identified the +1 shortbow "Ultimatum" {freeze, rC- Str+8
                  | SInv}
106144 | Zig:17   | Identified the +1 scale mail of Jamiver {-Cast rF++ Dex+3
                  | Slay+3 Stlth+}
106154 | Zig:17   | Identified the +6 short sword of the Kidney {flame, rN++
                  | Stlth-}
106157 | Zig:17   | Identified the +5 shortbow of the Meager God {freeze, rElec
                  | rN+ Str+2}
106212 | Zig:17   | Lost mutation: You do not regenerate when monsters are
                  | visible. [potion of mutation]
106212 | Zig:17   | Lost mutation: Your flesh is cold resistant. (rC+) [potion
                  | of mutation]
106212 | Zig:17   | Gained mutation: Your tail ends in a venomous barb. [potion
                  | of mutation]
106223 | Zig:18   | Entered Level 18 of a ziggurat
106555 | Zig:18   | Identified the ring "Jymuzuet" {MP+9 Dex+3}
106559 | Zig:18   | Identified the staff "Tonuir" {rPois SInv Alchemy}
106581 | Zig:19   | Entered Level 19 of a ziggurat
106765 | Zig:19   | Identified the ring of Vanity {Fly Str+3}
106773 | Zig:19   | Identified the ring of Limitation {rElec rC+++ rCorr Int+3
                  | Dex-2}
106792 | Zig:19   | Acquired the +6 tower shield of Beyond {rPois Str+2 Dex+2
                  | Stlth+}
106793 | Zig:19   | Acquired 1103 gold pieces
106806 | Zig:19   | Identified the +3 dagger "Xynewuo" {protect, rPois rN+
                  | Int-2}
106826 | Zig:20   | Entered Level 20 of a ziggurat
106850 | Zig:20   | Noticed an orb of fire
106853 | Zig:20   | Killed an orb of fire
106854 | Zig:20   | Reached skill level 5 in Stealth
106854 | Zig:20   | Noticed an orb of fire
106855 | Zig:20   | Noticed an orb of fire
106859 | Zig:20   | Killed an orb of fire
106861 | Zig:20   | Noticed an orb of fire
106863 | Zig:20   | Killed an orb of fire
106868 | Zig:20   | Noticed an orb of fire
106873 | Zig:20   | Found the +3 Elemental Staff {ele, rElec rF+ rC+ AC+3}
106888 | Zig:20   | Identified the amulet "Pohaothre" {Spirit +Inv Fly Will-
                  | Regen+ Str+4}
106889 | Zig:20   | Noticed an orb of fire
107324 | Pan      | Entered Pandemonium
107484 | Pan      | Entered the realm of Gloorx Vloq.
107735 | Pan      | Reached skill level 5 in Evocations
108170 | Pan      | Reached skill level 1 in Staves
108233 | Pan      | Reached skill level 15 in Shields
108423 | Pan      | Noticed Gloorx Vloq
109059 | Pan      | Killed Gloorx Vloq
109289 | Pan      | Got a dark rune of Zot
109477 | Pan      | Identified the +2 leather armour "Xyotzihy" {rElec rN+
                  | Dex-2}
109653 | Pan      | Reached skill level 5 in Staves
109853 | Pan      | Noticed Sepsecay the pandemonium lord
109857 | Pan      | Killed Sepsecay the pandemonium lord
110050 | Pan      | Got a demonic rune of Zot
111135 | Pan      | Found an exit through the horrors of the Abyss.
111146 | Pan      | Found an exit through the horrors of the Abyss.
111204 | Pan      | Entered the realm of Cerebov.
111853 | Pan      | Identified the ring "Alotyq" {Fly rElec rF+ Will- Str-4}
111961 | Pan      | Identified the staff "ETAOIN SHRDLU" {rF+ rN+ Earth}
111968 | Pan      | Identified the +2 broad axe of the Special Continents
                  | {pain, rN+ Will+ Int+3 Dex+3}
111988 | Pan      | Identified the +5 demon whip "Testudineslayer" {pain,
                  | Str+5}
112068 | Pan      | Identified the ring "Worphic" {rN+ Int+2 Dex-4 Stlth+}
112134 | Pan      | Found the +6 sword of Cerebov {flame}
112134 | Pan      | Noticed Cerebov
112145 | Pan      | Killed Cerebov
112252 | Pan      | Got a fiery rune of Zot
112616 | Pan      | Noticed Mennas
113035 | Pan      | Identified the amulet of the King {Reflect rN+ Int+3 SH+5}
113116 | Pan      | Got Sif Muna's Omnibus of Obstruction
113298 | Pan      | Reached skill level 21 in Fighting
113334 | Pan      | Noticed Aggyi the pandemonium lord
113346 | Pan      | Killed Aggyi the pandemonium lord
113482 | Pan      | Found an exit through the horrors of the Abyss.
113991 | Pan      | Reached skill level 10 in Stealth
114179 | Pan      | Noticed Pelaor the pandemonium lord
114511 | Pan      | Killed Pelaor the pandemonium lord
114522 | Pan      | Found an exit through the horrors of the Abyss.
114781 | Pan      | Entered the realm of Mnoleg.
114893 | Pan      | Reached skill level 10 in Staves
116016 | Pan      | Noticed Mnoleg
116023 | Pan      | Killed Mnoleg
116105 | Pan      | Got a glowing rune of Zot
116184 | Pan      | Entered the realm of Lom Lobon.
116371 | Pan      | Noticed Ignacio
116375 | Pan      | Killed Ignacio
116451 | Pan      | Noticed Mennas
116453 | Pan      | Found an exit through the horrors of the Abyss.
116460 | Pan      | Killed Mennas
116461 | Pan      | Reached skill level 10 in Evocations
116698 | Pan      | Reached skill level 22 in Fighting
117591 | Pan      | Noticed Lom Lobon
117595 | Pan      | Killed Lom Lobon
117646 | Pan      | Got a magical rune of Zot
117769 | Pan      | Took an exit into the Abyss.
117769 | Abyss:3  | Escaped into the Abyss
117777 | Depths:3 | Escaped the Abyss
117855 | Geh:1    | Entered Level 1 of Gehenna
119829 | Geh:7    | Entered Level 7 of Gehenna
119880 | Geh:7    | Noticed an ancient lich
120011 | Geh:7    | Killed an ancient lich
121350 | Geh:7    | Found the ring of the Octopus King
121362 | Geh:7    | Identified a ring of the Octopus King {Wiz HP+2 AC+2 EV+2
                  | SH+2}
121466 | Geh:7    | Found the +13 sceptre of Asmodeus
121466 | Geh:7    | Noticed Asmodeus
121470 | Geh:7    | Killed Asmodeus
121542 | Geh:7    | Identified the ring "Sicualos" {+Blink rC- Will+++ rCorr
                  | Dex-5}
121546 | Geh:7    | Identified the +0 glaive "Doasin" {flame, Dex+5}
121559 | Geh:7    | Got an obsidian rune of Zot
121767 | Hell     | Learned a level 8 spell: Ignition
121792 | Coc:1    | Entered Level 1 of Cocytus
121820 | Coc:1    | Paralysed by a wendigo for 1 turns
121924 | Coc:1    | Paralysed by a wendigo for 1 turns
122081 | Coc:2    | Noticed an ancient lich
122088 | Coc:2    | Killed an ancient lich
123421 | Coc:7    | Entered Level 7 of Cocytus
123517 | Coc:7    | Reached skill level 23 in Fighting
123762 | Coc:7    | Reached skill level 15 in Stealth
124004 | Coc:7    | Reached skill level 24 in Fighting
124049 | Coc:7    | Paralysed by a wendigo for 1 turns
124661 | Coc:7    | Noticed Antaeus
124665 | Coc:7    | Killed Antaeus
124683 | Coc:7    | Got an icy rune of Zot
125112 | Tar:1    | Entered Level 1 of Tartarus
125216 | Tar:1    | Reached skill level 15 in Throwing
125464 | Tar:2    | Noticed an ancient lich
125466 | Tar:2    | Killed an ancient lich
125467 | Tar:2    | Reached skill level 25 in Fighting
127214 | Tar:7    | Entered Level 7 of Tartarus
127477 | Tar:7    | Reached skill level 26 in Fighting
127989 | Tar:7    | Noticed Ereshkigal
128095 | Tar:7    | Identified the +1 mace "Toezenni" {holy, rC+}
128182 | Tar:7    | Noticed an ancient lich
128205 | Tar:7    | Killed an ancient lich
128503 | Tar:7    | Paralysed by Ereshkigal for 4 turns
128644 | Tar:7    | Identified the +1 orcbow of Rotten Indomitability {elec,
                  | rC+ Str-2 Int+3}
128915 | Tar:7    | Noticed an ancient lich
128923 | Tar:7    | Killed an ancient lich
129067 | Tar:7    | Reached skill level 27 in Fighting
129558 | Tar:7    | Noticed an ancient lich
129560 | Tar:7    | Noticed an ancient lich
129562 | Tar:7    | Killed an ancient lich
129565 | Tar:7    | Killed an ancient lich
129567 | Tar:7    | Identified the +3 demon whip "Obol" {venom, *Rage Str+6
                  | Int+3}
129616 | Tar:7    | Identified the +7 broad axe of the Spider Nest {freeze,
                  | *Noise Dex+3}
129617 | Tar:7    | Identified the +5 orcbow "Xeosm" {drain, rPois Will- Str+5}
129736 | Tar:7    | Killed Ereshkigal
129813 | Tar:7    | Got a bone rune of Zot
129931 | Dis:1    | Entered Level 1 of the Iron City of Dis
130533 | Dis:3    | Noticed a dread lich
130537 | Dis:3    | Killed a dread lich
131098 | Dis:5    | Noticed a dread lich
131107 | Dis:5    | Killed a dread lich
131746 | Dis:7    | Entered Level 7 of the Iron City of Dis
131902 | Dis:7    | Noticed the Serpent of Hell
131915 | Dis:7    | Killed the Serpent of Hell
132419 | Dis:7    | Noticed a juggernaut
132421 | Dis:7    | Killed a juggernaut
132465 | Dis:7    | Identified the staff "Gram" {Fly rN+ Dex+4 Hexes Necro}
133553 | Dis:7    | Noticed a juggernaut
133560 | Dis:7    | Killed a juggernaut
134385 | Dis:7    | Noticed a juggernaut
134387 | Dis:7    | Killed a juggernaut
134577 | Dis:7    | Noticed Dispater
134581 | Dis:7    | Killed Dispater
134637 | Dis:7    | Got an iron rune of Zot
135298 | Tomb:1   | Entered Level 1 of the Tomb of the Ancients
135432 | Tomb:1   | Noticed a royal mummy
136096 | Tomb:1   | Noticed a royal mummy
136101 | Tomb:1   | Killed a royal mummy
136473 | Tomb:1   | Noticed a royal mummy
136473 | Tomb:1   | Noticed a royal mummy
136473 | Tomb:1   | Noticed a royal mummy
136474 | Tomb:1   | Noticed a royal mummy
136475 | Tomb:1   | Noticed a royal mummy
136476 | Tomb:1   | Killed a royal mummy
136476 | Tomb:1   | Killed a royal mummy
136476 | Tomb:1   | Noticed a royal mummy
136477 | Tomb:1   | Killed a royal mummy
136477 | Tomb:1   | Killed a royal mummy
136477 | Tomb:1   | Killed a royal mummy
136478 | Tomb:1   | Noticed a royal mummy
136481 | Tomb:1   | Killed a royal mummy
136482 | Tomb:1   | Killed a royal mummy
136488 | Tomb:1   | Noticed a royal mummy
136491 | Tomb:1   | Noticed a royal mummy
136492 | Tomb:1   | Killed a royal mummy
136506 | Tomb:1   | Killed a royal mummy
136660 | Tomb:1   | Noticed a royal mummy
136664 | Tomb:1   | Killed a royal mummy
136700 | Tomb:1   | Noticed a royal mummy
136706 | Tomb:1   | Killed a royal mummy
136707 | Tomb:1   | Killed a royal mummy
136708 | Tomb:1   | Noticed a royal mummy
136711 | Tomb:1   | Killed a royal mummy
136770 | Tomb:1   | Noticed a royal mummy
136770 | Tomb:1   | Noticed a royal mummy
136786 | Tomb:1   | Killed a royal mummy
136787 | Tomb:1   | Noticed a royal mummy
136790 | Tomb:1   | Killed a royal mummy
136790 | Tomb:1   | Killed a royal mummy
136791 | Tomb:1   | Noticed a royal mummy
136791 | Tomb:1   | Noticed a royal mummy
136791 | Tomb:1   | Noticed a royal mummy
136792 | Tomb:1   | Killed a royal mummy
136793 | Tomb:1   | Killed a royal mummy
136794 | Tomb:1   | Killed a royal mummy
136905 | Tomb:1   | Noticed a royal mummy
136905 | Tomb:1   | Noticed a royal mummy
136909 | Tomb:1   | Killed a royal mummy
136910 | Tomb:1   | Killed a royal mummy
136970 | Tomb:1   | Noticed a royal mummy
136973 | Tomb:1   | Killed a royal mummy
136992 | Tomb:1   | Noticed a royal mummy
136994 | Tomb:1   | Killed a royal mummy
137028 | Tomb:1   | Noticed a royal mummy
137031 | Tomb:1   | Killed a royal mummy
137050 | Tomb:1   | Noticed a royal mummy
137053 | Tomb:1   | Killed a royal mummy
137205 | Tomb:1   | Noticed a royal mummy
137208 | Tomb:1   | Killed a royal mummy
137291 | Tomb:1   | Noticed a royal mummy
137294 | Tomb:1   | Killed a royal mummy
137353 | Tomb:1   | Noticed a royal mummy
137357 | Tomb:1   | Killed a royal mummy
138939 | Tomb:3   | Entered Level 3 of the Tomb of the Ancients
138972 | Tomb:3   | Noticed a royal mummy
138973 | Tomb:3   | Noticed a royal mummy
138975 | Tomb:3   | Killed a royal mummy
138977 | Tomb:3   | Noticed a royal mummy
138977 | Tomb:3   | Noticed a royal mummy
138978 | Tomb:3   | Killed a royal mummy
138979 | Tomb:3   | Killed a royal mummy
138979 | Tomb:3   | Killed a royal mummy
138979 | Tomb:3   | Noticed a royal mummy
138980 | Tomb:3   | Noticed a royal mummy
138980 | Tomb:3   | Noticed a royal mummy
138981 | Tomb:3   | Noticed a royal mummy
138982 | Tomb:3   | Killed a royal mummy
138982 | Tomb:3   | Killed a royal mummy
138984 | Tomb:3   | Killed a royal mummy
138984 | Tomb:3   | Killed a royal mummy
139035 | Tomb:3   | Noticed a royal mummy
139037 | Tomb:3   | Killed a royal mummy
139326 | Tomb:3   | Identified the ring of Minticy {Ice rPois rCorr Str+4
                  | Slay+2}
139340 | Tomb:3   | Identified the +3 scimitar "Roeror" {heavy, rC+ Dex+2}
139438 | Tomb:3   | Got a golden rune of Zot
140173 | Zot:5    | Got the Orb of Zot
140412 | D:15     | Killed Roxanne
140679 | D:7      | Noticed Kekhle the pandemonium lord
140782 | D:1      | 15 runes!
140783 | D:$      | Escaped with the Orb!

Illustrated notes

........########''##########.####
....###.## ###§§..≈≈### #........
.........###≈≈§≈§.≈≈≈§###.##.###.
......#####≈≈≈#§§.≈#≈§§##.##.# #.
......# ##≈≈≈≈≈..≈≈§§§##.##.# #.
>.....# #≈≈§≈≈§..§≈≈§≈≈#....###.
......####≈≈≈§≈#..#≈≈≈§§#.#####..
........##§§#§§#..#≈≈#≈≈#........
........##§≈≈≈§#z>#§≈≈≈≈#.#####..
........##§§≈§§####≈≈§≈≈#....##..
........##≈≈≈§ §≈≈≈####.##..
.....^..###≈≈ ≈§##..#.####
........# #..#.# ....##### #..#.#
....# #..#.# ##### ######..#.#
#......##.#


Turn 140782 on D:1: 15 runes!

Levels and vault maps discovered:
D:1:      lightli_molten_gateway, layout_basic
D:2:      cheibrodos_greedy_goblins, layout_rooms, serial_curves,
          eino_curves_01, eino_curves_01, basic_altar
D:3:      layout_basic, mainiacjoe_overflow_small_starburst,
          fedhas_ov_isle_minmay
D:4:      layout_basic, minmay_misc_feat_plants, uniq_ijyb
D:5:      layout_basic, lemuel_mausoleum_altar_kikubaaqudgha,
          minmay_temple_entry_poolview, cheibrodos_sewer_entry_sluice,
          hellmonk_ghost_happy_afterlife, uniq_crazy_yiuf_cottage, uniq_duvessa,
          uniq_pikel, uniq_blork_the_orc
D:6:      layout_cave_pools, chequers_serial_rivers_large_b,
          grunt_ministairs_15, lemuel_flamethrower_2
D:7:      layout_basic, uniq_joseph, uniq_prince_ribbit1
D:8:      layout_cave_pools, mainiacjoe_overflow_alcove_4,
          grunt_lair_entry_orc_guard_hut, special_room [special_room_orc]
D:9:      layout_cave_pools, chequers_temple_overflow_statue_of_worship,
          hangedman_misty_isle, uniq_psyche
D:10:     layout_loops_ring, special_room [special_room_bee], uniq_maurice
D:11:     layout_cave_pods
D:12:     layout_basic, orc_0_dummy, gammafunk_ghost_smash,
          kennysheep_windowed_goal
D:13:     layout_layer_cave, skrybe_vaults_entry_preservation,
          ebering_ghost_rock_garden, cheibrodos_ashenzari_chains, uniq_rupert,
          uniq_jorgrun, uniq_urug, uniq_lodul
D:14:     layout_rooms, nicolae_wwwww, nicolae_vehumet_radiance, uniq_agnes
D:15:     hangedman_depths_entry_try_elsewhere_first, layout_gridville,
          chequers_big_river, serial_bayou_pond_e, hangedman_aviary,
          uniq_roxanne
Lair:1:   layout_layer_cave, basic_altar, grunt_megastairs_2, uniq_amaemon,
          uniq_sonja
Lair:2:   layout_cave_shapes, spider_nest_entry_webs, uniq_gastronok
Lair:3:   layout_regular_city, nicolae_shoals_entry_flooding, enter_volcano_2,
          grunt_forest_stairs_clearing, infiniplex_staircase_pool
Lair:4:   layout_cave_pods
Lair:5:   grunt_lair_end_beastmaster, layout_cave_shapes,
          nicolae_slime_entry_slimehenge, serial_bayou_shore_b,
          serial_bayou_shore_a, grunt_megastairs_1
Shoals:1: cheibrodos_shoals_baths, layout_shoals, serial_shops, shop,
          nicolae_shop_peninsula, shop, uniq_nikola
Shoals:2: layout_shoals, nicolae_shoals_isolated_beach, uniq_polyphemus,
          uniq_mlioglotl, uniq_ilsuiw
Shoals:3: layout_shoals, ebering_ghost_reflecting_pool,
          nicolae_shoals_secluded_bog
Shoals:4: shoals_end_grunt_garden, layout_shoals, uniq_bai_suzhen
Spider:1: gammafunk_sealed_arena
Spider:2: nicolae_spider_hilbert_zone_2 [nicolae_spider_hilbert_4_sides_1_open,
          nicolae_spider_hilbert_4_sides_1_open,
          nicolae_spider_hilbert_4_sides_1_open,
          nicolae_spider_hilbert_4_sides_1_open,
          nicolae_spider_hilbert_6_sides_1_open,
          nicolae_spider_hilbert_6_sides_1_open,
          nicolae_spider_hilbert_3_sides_1_open,
          nicolae_spider_hilbert_3_sides_1_open,
          nicolae_spider_hilbert_3_sides_1_open,
          nicolae_spider_hilbert_3_sides_1_open,
          nicolae_spider_hilbert_6_sides_1_open,
          nicolae_spider_hilbert_6_sides_1_open,
          nicolae_spider_hilbert_6_sides_1_open,
          nicolae_spider_hilbert_6_sides_1_open]
Spider:3: layout_spider_delve, nicolae_spider_bug_shape, uniq_arachne
Spider:4: spider_rune_water
Slime:1:  layout_caves, cheibrodos_slime_lost_civilization_7
Slime:2:  layout_caves, cheibrodos_slime_lost_civilization_5
Slime:3:  layout_caves
Slime:4:  layout_caves
Slime:5:  slime_pit_nicolae_inversion
Orc:1:    layout_diamond_mine
Orc:2:    st_orc_open, layout_caves
Elf:1:    layout_gridlike, serial_shops, nicolae_shop_tiny_real_fake_doors,
          nicolae_elf_crossing_hall, uniq_kirke
Elf:2:    elven_hall_of_blades_hangedman_original
          [nicolae_blade_entry_area_security], layout_geoelf_octagon,
          serial_shops, freezing_bzr
Elf:3:    minmay_elf_hall_furrowed, layout_onion_city, nicolae_shop_self_help
Vaults:1: hangedman_vaults_corner, vaults_room_semicircle,
          grunt_vaults_diagonal, serial_ice_g, v_pattern_3,
          nicolae_vaults_circle_grid_a, ontoclasm_vaults_shuriken,
          nicolae_vaults_what_the_h, vaults_dpeg_encased_lava,
          vaults_dpeg_diagonal, nicolae_vaults_tetromino_T_1,
          layout_vaults_omnigrid
Vaults:2: gammafunk_ghost_abyssal_escape, special_room_vaults
          [special_room_orc], nicolae_vaults_wrenched,
          nicolae_vaults_sealed_display, ontoclasm_vaults_eye, v_misc_17,
          nicolae_vaults_little_squares_2, v_misc_22, v_misc_4,
          vaults_room_fancy_cross, nicolae_vaults_diagonal_hallway_8,
          nicolae_vaults_circle_grid_a, nicolae_vaults_mini_display_case,
          v_misc_4, grunt_vaults_focal, nicolae_vaults_oval_intersection,
          layout_vaults_omnibox, serial_shops, nicolae_shop_peninsula,
          uniq_sojobo, uniq_donald
Vaults:3: nicolae_vaults_little_squares_5, minmay_crypt_entry_necro_gods,
          vaults_room_fancy_cross, nicolae_vaults_triangles,
          nicolae_vaults_halls_meeting, nicolae_vaults_trapezoid_lopsided_3,
          hangedman_vaults_pinch, v_misc_11, v_misc_10,
          nicolae_vaults_gold_heap, nicolae_vaults_border_crossing,
          vaults_room_corners, layout_vaults_big_cross, serial_shops,
          nicolae_shop_trees
Vaults:4: nicolae_vaults_tetromino_L_1, nicolae_vaults_rhombus_6, door_vault,
          v_misc_30, nicolae_vaults_disjoint_gnomons,
          nicolae_vaults_offset_grid_hallway_1, nicolae_vaults_little_squares_2,
          nicolae_vaults_circle_grid_b, v_misc_9,
          nicolae_vaults_little_squares_6, nicolae_vaults_trapezoid_1,
          nicolae_vaults_trapezoid_2, ontoclasm_vaults_ring_large,
          ontoclasm_vaults_ring_small, layout_vaults_maze_bifur, serial_shops,
          nicolae_shop_bloodbath_and_beyond
Vaults:5
Crypt:1:  layout_gridlike, minicrypt_bobbens
Crypt:2:  layout_regular_city
Crypt:3:  due_elkab, layout_chaotic_city, tomb_entry_forgotten_bobbens
Tomb:1
Tomb:2
Tomb:3
Depths:1: layout_gridville, hellmouth_2, abyss_entry, serial_shops,
          nicolae_shop_behind_doors, hellmonk_ghost_big_iron,
          minmay_stone_trees_medium, okawaru_gym_becter
Depths:2: evilmike_diamond_2, layout_gridlike, hell_entry,
          grunt_pan_entry_zigzag, ebering_dispersal_statue_hall,
          minmay_staircase_statues
Depths:3: minmay_bloctagon_deflated, layout_gridlike, hellmouth_1, abyss_entry,
          pan_entry, hangedman_abyss_or_decor_lesser_grid, minmay_shoptagon
Depths:4: grunt_crosshair, layout_long_grid, enter_ziggurat_f,
          pf_hell_entry_great_geh, grunt_decor_junction, pan_entry, uniq_margery
Hell
Dis:1:    layout_gridville
Dis:2:    layout_gridville
Dis:3:    layout_gridville, minmay_strange_pillars
Dis:4:    layout_jigsaw
Dis:5:    layout_subdivisions
Dis:6:    layout_subdivisions
Dis:7:    dis_hangedman
Geh:1:    layout_gehenna_lava_caves, lemuel_flamethrower_3
Geh:2:    layout_gehenna_pools_basic, tekkud_geh_sculpture_garden
Geh:3:    layout_gehenna_lava_caves
Geh:4:    layout_gehenna_pools_box
Geh:5:    nicolae_geh_realm_of_the_lava_sea
Geh:6:    layout_gehenna_lava_caves
Geh:7:    geh_mu
Coc:1:    layout_ice_bergs
Coc:2:    layout_ice_bergs
Coc:3:    layout_ice_bergs
Coc:4:    layout_cocytus_delve
Coc:5:    layout_cocytus_water_paths
Coc:6:    layout_cocytus_water_paths
Coc:7:    coc_old
Tar:1:    layout_cathedral_of_symmetry
Tar:2:    layout_cathedral_of_symmetry
Tar:3:    layout_grid_maze
Tar:4:    layout_cathedral_of_symmetry, nicolae_hells_fiendish_ambush
Tar:5:    layout_cathedral_of_symmetry
Tar:6:    layout_grid_maze
Tar:7:    tar_grunt_cathedral
Zot:1:    layout_gridlike, hangedman_zot_diagonal_lockstep
Zot:2:    layout_cathedral_of_symmetry, nzn_ghost_randoct, nicolae_diode_stairs,
          uniq_josephina
Zot:3:    layout_basic, hangedman_zot_wheel_spokes, hellmonk_formless_pools
Zot:4:    layout_gridlike
Zot:5:    layout_cathedral_of_symmetry

Skill      XL: |  1  2  3  4  5  6  7  8  9 10 11 12 13 14 15 16 17 18 19 20 21 22 23 24 25 26 27 |
---------------+----------------------------------------------------------------------------------+-----
Fire Magic     | 4 5 6 7 10 12 13 22 | 22.0
Conjurations   | 2 3 5 10 12 13 15 20 | 20.0
Translocations | 1 3 5 |  5.0
Fighting       | 1 5 6 7 10 12 13 15 17 18 27 | 27.0
Spellcasting   | 3 4 5 7 11 12 13 14 15 24 | 24.7
Hexes          | 1 3 |  3.0
Maces & Flails | 1 |  1.0
Summonings     | 1 7 11 12 | 12.0
Air Magic      | 3 6 10 12 15 16 17 | 17.0
Shields        | 4 7 15 | 15.0
Dodging        | 6 8 9 10 11 18 | 18.0
Earth Magic    | 4 11 15 19 24 25 | 25.0
Evocations     | 3 4 14 | 14.0
Shapeshifting  | 11 17 21 23 | 23.0
Throwing       | 21 | 21.0
Stealth        | 18 | 18.2
Staves         | 11 | 11.9

Action                     |  1- 3 |  4- 6 |  7- 9 | 10-12 | 13-15 | 16-18 | 19-21 | 22-24 | 25-27 || total
---------------------------+-------+-------+-------+-------+-------+-------+-------+-------+-------++-------
  Melee: Short sword       |     1 |    35 |     6 |       |       |       |       |       |       ||    42
         Tailslap          |     1 |     6 |     4 |       |       |     8 |     7 |     1 |   204 ||   231
         Punch             |       |     1 |       |       |       |       |       |       |       ||     1
         Staff             |       |       |       |       |       |    26 |    22 |     4 |   669 ||   721
         Demon whip        |       |       |       |       |       |    16 |       |       |     2 ||    18
  Throw: Javelin           |       |       |       |       |       |       |       |       |     7 ||     7
   Cast: Foxfire           |    70 |   127 |   107 |   316 |   175 |       |       |       |       ||   795
         Scorch            |     4 |    36 |    67 |   250 |   137 |     7 |       |       |       ||   501
         Volatile Blastmot |       |     1 |    27 |     5 |       |       |       |       |       ||    33
         Inner Flame       |       |       |     7 |    68 |    50 |     2 |       |       |       ||   127
         Flame Wave        |       |       |       |    15 |     5 |       |       |       |       ||    20
         Fireball          |       |       |       |     4 |   233 |   133 |       |       |       ||   370
         Plasma Beam       |       |       |       |       |   101 |   355 |   435 |    71 |   357 ||  1319
         Spellforged Servi |       |       |       |       |     3 |    95 |   109 |    79 |   461 ||   747
         Bombard           |       |       |       |       |       |    55 |    10 |       |       ||    65
         Blink             |       |       |       |       |       |     2 |       |       |     1 ||     3
         Lehudib's Crystal |       |       |       |       |       |       |    94 |   345 |  1201 ||  1640
         Shatter           |       |       |       |       |       |       |    16 |   276 |   336 ||   628
         Maxwell's Capacit |       |       |       |       |       |       |       |     2 |    41 ||    43
         Ignition          |       |       |       |       |       |       |       |       |   137 ||   137
         Fire Storm        |       |       |       |       |       |       |       |       |    24 ||    24
  Evoke: Wand              |       |       |     2 |     2 |       |     1 |     1 |       |     2 ||     8
         Phantom mirror    |       |       |       |       |       |       |       |       |     2 ||     2
         Phial of floods   |       |       |       |       |       |       |       |       |     1 ||     1
    Use: Scroll            |     3 |     4 |     6 |    14 |    11 |    12 |    10 |     6 |    44 ||   110
         Potion            |       |       |       |       |     2 |     2 |     1 |    15 |    36 ||    56
   Stab: Distracted        |       |       |       |       |       |       |     1 |       |    22 ||    23
         Sleeping          |       |       |       |       |       |       |       |       |     2 ||     2
 Armour: Skin              |     3 |    27 |    34 |   124 |    96 |   300 |   157 |   207 |  1031 ||  1979
  Dodge: Dodged            |     3 |    59 |    34 |   161 |   104 |   239 |   153 |   121 |   878 ||  1752
  Block: Buckler           |       |       |       |       |     3 |   101 |    68 |    47 |   491 ||   710
   Form: Death             |       |       |       |       |       |       |       |       |    10 ||    10
                           |       |       |       |       |       |       |       |       |     9 ||     9
